 Dungeon Crawl Stone Soup version 0.26.1-11-gd32895ea62 (webtiles) character file.

Game seed: 814537797929857317

1659569 cykeltillsalu the Conqueror (level 27, 273/273 HPs)
             Began as a Minotaur Chaos Knight on July 29, 2021.
             Was a Favourite Plaything of Xom.
             Escaped with the Orb
             ... and 3 runes on July 30, 2021!
             The game lasted 02:16:49 (77216 turns).

cykeltillsalu the Conqueror (MiCK)                 Turns: 77216, Time: 02:16:50

Health: 273/273    AC: 53    Str: 28    XL:     27
Magic:  22/22      EV: 18    Int: 11    God:    Xom [......]
Gold:   7452       SH: 31    Dex: 20    Spells: 24/26 levels left

rFire    + + .     SeeInvis +   a - +9 broad axe (freeze)
rCold    + . .     Faith    .   y - +0 tower shield
rNeg     + . .     Spirit   .   c - +10 crystal plate armour
rPois    +         Reflect  +   m - +1 hat of Mipim {Will+ Int+3}
rElec    +         Harm     .   R - scarf {rC+ rF+}
rCorr    .         Rampage  +   p - +0 pair of gloves of the Spider Nest {Rampage rElec Will+}
Will     ++++.                  v - +2 pair of boots of Lies {rN+ Dex+7}
Stlth    ..........             N - amulet of the Unstoppable Deaths {Reflect rF+ Int-3 Dex+3 SH+5}
HPRegen  0.55/turn              A - ring of see invisible
MPRegen  0.18/turn              E - +4 ring of protection

@: studying Throwing
A: retaliatory headbutt, claws 1, horns 2, molten scales 1, thin metallic scales
1, thin skeletal structure 1, camouflage 1, blink, clumsy 1, deterioration 1,
mutation resistance 1, poison resistance
0: Orb of Zot
}: 3/15 runes: barnacled, silver, gossamer
a: Blink, Renounce Religion


You escaped.
You worshipped Xom.
You were a very special plaything of Xom.
You visited 9 branches of the dungeon, and saw 49 of its levels.
You visited the Abyss 1 time.
You also visited: Bailey and Ice Cave.

You collected 9453 gold pieces.
You spent 2001 gold pieces at shops.

Inventory:

Hand Weapons
 a - a +9 broad axe of freezing (weapon)
 b - the +8 hand axe of the Ass {flame, Int+2 Dex+4}
   (You found it on level 9 of the Dungeon)

   It has been specially enchanted to burn those struck by it, causing extra
   injury to most foes and up to half again as much damage against particularly
   susceptible opponents.
   Big, fiery blades are also staple armaments of hydra-hunters.
   It affects your intelligence (+2).
   It affects your dexterity (+4).
 P - the +14 obsidian axe {vorpal, +Fly SInv *Curse}
   (You found it on level 4 of the Depths)

   It inflicts extra damage upon your enemies.
   It lets you see invisible.
   It lets you fly.
   It curses itself when equipped.
Armour
 c - a +10 crystal plate armour (worn)
 g - the +0 pair of boots "Ginuvuuw" {rF+}
   (You found it on level 2 of the Vaults)

   It protects you from fire.
 m - the +1 hat of Mipim (worn) {Will+ Int+3}
   (You bought it in a shop on level 10 of the Dungeon)

   It affects your intelligence (+3).
   It affects your willpower, your defense against some magical effects.
 p - the +0 pair of gloves of the Spider Nest (worn) {Rampage rElec Will+}
   (You took it off Nikola on level 1 of the Depths)

   It insulates you from electricity.
   It affects your willpower, your defense against some magical effects.
   It bestows one free step when moving towards enemies.
 v - the +2 pair of boots of Lies (worn) {rN+ Dex+7}
   (You found it on level 1 of the Spider Nest)

   It affects your dexterity (+7).
   It protects you from negative energy.
 y - a +0 tower shield (worn)
 G - the +2 hat of a treasure trove {-Tele rElec Will+ Dex+2}
   (You acquired it on level 13 of the Dungeon)

   It affects your dexterity (+2).
   It insulates you from electricity.
   It affects your willpower, your defense against some magical effects.
   It prevents most forms of teleportation.
 R - a scarf of resistance (worn)
Jewellery
 A - a ring of see invisible (left hand)
 C - an uncursed ring of poison resistance
 D - an uncursed ring of resist corrosion
 E - a +4 ring of protection (right hand)
 N - the amulet of the Unstoppable Deaths (around neck) {Reflect rF+ Int-3 Dex+3 SH+5}
   (You bought it in a shop on level 5 of the Dungeon)

   [amulet of reflection]

   It shields you and reflects attacks.
   It affects your intelligence (-3).
   It affects your dexterity (+3).
   It protects you from fire.
   It affects your SH (+5).
Wands
 u - a wand of iceblast (24)
 I - a wand of disintegration (35)
 K - a wand of paralysis (31)
 L - a wand of acid (43)
 U - a wand of enslavement (15)
 V - a wand of digging (9)
Scrolls
 i - 11 scrolls of fog
 j - 12 scrolls of teleportation {!r}
 k - 2 scrolls of enchant weapon
 n - 4 scrolls of amnesia
 q - a scroll of enchant armour
 r - 6 scrolls of vulnerability
 s - 5 scrolls of holy word
 w - 22 scrolls of remove curse
 H - a scroll of silence
 Q - 12 scrolls of identify
 T - 4 scrolls of fear
 Z - 7 scrolls of magic mapping
Potions
 d - 7 potions of attraction
 e - 10 potions of flight
 f - 4 potions of haste
 h - a potion of invisibility {unknown}
 l - 2 potions of heal wounds
 o - 2 potions of cancellation
 z - 3 potions of resistance
 F - 4 potions of ambrosia
 J - 10 potions of mutation
 S - 3 potions of berserk rage
 W - 6 potions of curing
 Y - 4 potions of lignification
Books
 x - a manual of Throwing
Miscellaneous
 t - a condenser vane
 B - a phantom mirror
 O - a phial of floods
 X - a tin of tremorstones (2/2)


   Skills:
 O Level 27 Fighting
 + Level 26.6 Axes
 - Level 22.0 Armour
 - Level 18.0 Dodging
 + Level 23.8 Shields
 - Level 20.0 Evocations


You had 24 spell levels left.
You knew the following spells:

 Your Spells              Type           Power        Failure   Level
a - Passwall              Tmut/Erth      0%           99%         2

Your spell library contained the following spells:

 Spells                   Type           Power        Failure   Level
 Animate Skeleton         Necr           0%           98%         1
 Apportation              Tloc           0%           98%         1
 Corona                   Hex            0%           98%         1
 Foxfire                  Conj/Fire      0%           98%         1
 Freeze                   Ice            0%           98%         1
 Magic Dart               Conj           0%           98%         1
 Pain                     Necr           0%           98%         1
 Sandblast                Erth           0%           98%         1
 Shock                    Conj/Air       0%           98%         1
 Sting                    Tmut/Pois      0%           98%         1
 Summon Small Mammal      Summ           0%           98%         1
 Call Imp                 Summ           0%           99%         2
 Ensorcelled Hibernation  Hex/Ice        0%           99%         2
 Poisonous Vapours        Pois/Air       0%           99%         2
 Searing Ray              Conj           0%           99%         2
 Slow                     Hex            0%           99%         2
 Sublimation of Blood     Necr           0%           99%         2
 Swiftness                Air            0%           99%         2
 Wereblood                Tmut           0%           99%         2
 Call Canine Familiar     Summ           0%           100%        3
 Confusing Touch          Hex            0%           100%        3
 Conjure Flame            Conj/Fire      0%           100%        3
 Dazzling Flash           Conj/Hex       0%           100%        3
 Frozen Ramparts          Ice            0%           100%        3
 Gell's Gravitas          Tloc           0%           100%        3
 Ignite Poison            Fire/Tmut/Pois 0%           100%        3
 Inner Flame              Hex/Fire       0%           100%        3
 Lesser Beckoning         Tloc           0%           100%        3
 Mephitic Cloud           Conj/Pois/Air  0%           100%        3
 Ozocubu's Armour         Ice            0%           100%        3
 Portal Projectile        Hex/Tloc       0%           100%        3
 Spider Form              Tmut/Pois      0%           100%        3
 Static Discharge         Conj/Air       0%           100%        3
 Stone Arrow              Conj/Erth      0%           100%        3
 Summon Guardian Golem    Hex/Summ       0%           100%        3
 Tukima's Dance           Hex            0%           100%        3
 Vampiric Draining        Necr           0%           100%        3
 Airstrike                Air            0%           100%        4
 Animate Dead             Necr           0%           100%        4
 Cause Fear               Hex            0%           100%        4
 Fulminant Prism          Conj/Hex       0%           100%        4
 Hailstorm                Conj/Ice       0%           100%        4
 Ice Form                 Ice/Tmut       0%           100%        4
 Iskenderun's Mystic Bla  Conj/Tloc      0%           100%        4
 Leda's Liquefaction      Hex/Erth       0%           100%        4
 Olgreb's Toxic Radiance  Pois           0%           100%        4
 Petrify                  Tmut/Erth      0%           100%        4
 Sticky Flame             Conj/Fire      0%           100%        4
 Summon Ice Beast         Ice/Summ       0%           100%        4
 Summon Lightning Spire   Summ/Air       0%           100%        4
 Agony                    Necr           0%           100%        5
 Alistair's Intoxication  Tmut/Pois      0%           100%        5
 Bolt of Magma            Conj/Fire/Erth 0%           100%        5
 Borgnjor's Vile Clutch   Necr/Erth      0%           100%        5
 Fireball                 Conj/Fire      0%           100%        5
 Irradiate                Conj/Tmut      0%           100%        5
 Iskenderun's Battlesphe  Conj           0%           100%        5
 Lee's Rapid Deconstruct  Erth           0%           100%        5
 Lightning Bolt           Conj/Air       0%           100%        5
 Metabolic Englaciation   Hex/Ice        0%           100%        5
 Silence                  Hex/Air        0%           100%        5
 Yara's Violent Unravell  Hex/Tmut       0%           100%        5
 Death Channel            Necr           0%           100%        6
 Eringya's Noxious Bog    Tmut/Pois      0%           100%        6
 Freezing Cloud           Conj/Ice/Air   0%           100%        6
 Hydra Form               Tmut           0%           100%        6
 Invisibility             Hex            0%           100%        6
 Iron Shot                Conj/Erth      0%           100%        6
 Ozocubu's Refrigeration  Ice            0%           100%        6
 Shadow Creatures         Summ           N/A          100%        6
 Simulacrum               Ice/Necr       0%           100%        6
 Statue Form              Tmut/Erth      0%           100%        6
 Dragon Form              Tmut           0%           100%        7
 Malign Gateway           Summ/Tloc      0%           100%        7
 Monstrous Menagerie      Summ           0%           100%        7
 Orb of Destruction       Conj           0%           100%        7
 Spellforged Servitor     Conj/Summ      0%           100%        7
 Summon Greater Demon     Summ           0%           100%        7
 Ignition                 Fire           0%           100%        8
 Summon Horrible Things   Summ           0%           100%        8
 Dragon's Call            Summ           0%           100%        9
 Shatter                  Erth           0%           100%        9
 Tornado                  Air            0%           100%        9


Dungeon Overview and Level Annotations

Branches:
Dungeon (15/15)            Temple (0/1) D:4            Lair (6/6) D:9
 Shoals (4/4) Lair:2       Spider (4/4) Lair:3        Slime (0/5) Lair:6
    Orc (2/2) D:9             Elf (0/3) Orc:2        Vaults (5/5) D:13
  Crypt (3/3) Vaults:3       Tomb (0/3) Crypt:3      Depths (5/5) D:15
    Zot (5/5) Depths:5     Bailey (visited)           IceCv (visited)

Altars:
Ashenzari
Dithmenos
Elyvilon
Fedhas
Gozag
Makhleb
Nemelex Xobeh
Okawaru
Ru
Uskayaw
Xom
Yredelemnul
Jiyva
Lugonu

Shops:
D:5 *=   D:9 *   D:10 [   Orc:2 *[=(   Vaults:1 *   Vaults:2 (   Vaults:4 :
Vaults:5 (   Depths:2 }}=

Portals:
Hell: Depths:1 Depths:2 Depths:3 Depths:4 Depths:5
Abyss: Depths:1 Depths:2 Depths:4
Pandemonium: Depths:3
Ziggurat: Depths:5
Trove: D:13 (give +3 shadow dragon scales)

Annotations:
Lair:4 exclusion: oklob plant
Depths:3 2 transporters
Zot:2 2 transporters, Hauh's ghost, master VSBe


Innate Abilities, Weirdness & Mutations

You reflexively headbutt those who attack you in melee.
You have a pair of horns on your head.
You have sharp fingernails.
You are partially covered in molten scales. (AC +2)
You are partially covered in thin metallic scales. (AC +2)
You have a somewhat thin skeletal structure. (Dex +2, Stealth)
Your skin changes colour to match your surroundings (Stealth+).
You can translocate small distances at will.
You are clumsy. (Dex -2)
Your body sometimes deteriorates upon taking damage.
You are somewhat resistant to further mutation.
Your system is resistant to poisons. (rPois)


Message History

(N) Spider Nest (M) Slime Pits (O) Orcish Mines (E) Elven Halls (V) Vaults (C) Crypt (W) Tomb (U) Depths (H) Hell (Z) Zot
Where to? (Enter - D:4 @ (x,y), ? - help)
There is a stone staircase leading up here.
You climb upwards.
There is a stone staircase leading down here.
A reaper comes into view. It is wielding a +3 vampiric scythe.
There is a stone staircase leading up here.
You climb upwards.
There is a stone staircase leading down here.
There is a stone staircase leading up here.
You climb upwards.
There is a stone staircase leading down here.
Things that are here:
4 stones; a +0 dagger An Executioner and 2 large abominations come into view.
The large abomination moves out of view.
There is a staircase leading out of the dungeon here.
You have escaped!

#...........#
#.....# #.
#.######.####
#.)...# #. #.####
#.# ###.### ##
#....# #.######
#(#####
#....####.....#
#.....#
##......#####.#
#####.# #.≈≈.#####
#.# #.# #.≈≈.#...#
#.# #)## ######
###....#.@.#
#.########.(.
.....###.#....#...#
#..........##
#.......##......###
######.....#
#.##.###.#...####
#.##### ..##.#
#.....# #.# ####.#
###...#### ##.##
####.# #......#
#...#
.....#####...##.#
#...#
###......##.XX..#
#...#


There were no monsters in sight!

Vanquished Creatures
  4 ancient liches
  3 orbs of fire (Zot:5)
  Mennas (Depths:3)
  A juggernaut (Depths:1)
  Sojobo (Vaults:2)
  Boris (thrice) (Vaults:3 Crypt:2 Depths:4)
  A shard shrike (Depths:5)
  Saint Roka (Vaults:1)
  10 Killer Klowns (Zot:5)
  3 curse toes (Zot:4)
  Margery (Depths:5)
  A shard shrike (shapeshifter) (D:13)
  Nikola (Depths:1)
  3 caustic shrikes
  7 golden dragons
  the Enchantress (Depths:3)
  Arachne (Spider:1)
  3 electric golems
  An Ice Fiend (D:15)
  A Hell Sentinel (Depths:3)
  6 liches
  28 Orb Guardians
  18 tentacled monstrosities
  A titan (Vaults:4)
  8 quicksilver dragons
  Frances (Shoals:2)
  An Executioner (Abyss:5)
  7 death cobs
  8 shadow dragons
  7 storm dragons
  2 ancient champions
  8 sphinxes
  6 tengu reavers
  12 draconian monks
  5 revenants
  8 frost giants
  2 fenstrider witches
  13 draconian knights
  5 fire giants
  2 iron dragons
  3 deep elf sorcerers
  A cacodemon (Depths:3)
  Aizul (Vaults:3)
  13 vault wardens
  A balrug (Depths:4)
  The ghost of YannSP the Earth Mage, a journeyman GrEE of Vehumet (Spider:1)
  5 emperor scorpions
  11 draconian scorchers
  13 ghost moths
  2 curse skulls
  4 draconian stormcallers
  19 very ugly things
  9 draconian annihilators
  9 draconian shifters
  3 spriggan defenders
  7 ghouls
  A reaper (Crypt:2)
  16 stone giants
  A blood saint (Depths:4)
  6 war gargoyles
  15 ironheart preservers
  9 green draconians
  A corrupter (Depths:4)
  5 vampire knights
  A deep elf demonologist (Vaults:3)
  22 white draconians
  15 red draconians
  12 black draconians
  14 yellow draconians
  2 deep elf annihilators (Vaults:3)
  7 spark wasps
  21 purple draconians
  8 entropy weavers
  11 ettins
  6 eidola
  3 merfolk javelineers
  The ghost of Nuonk the Carver, a journeyman TeBe of Trog (Lair:6)
  2 quicksilver dragon zombies (Crypt:3)
  A blizzard demon (Depths:4)
  4 merfolk impalers
  6 deep elf death magi
  8 fire dragons
  Josephine (D:14)
  3 jiangshi
  6 deep elf high priests
  13 yaktaur captains
  3 great orbs of eyes
  30 vault guards
  5 ice dragons
  11 boulder beetles
  8 hydras
  A hydra (shapeshifter) (Vaults:5)
  7 rakshasas
  A catoblepas (Zot:2)
  3 spriggan air magi (Depths:3)
  Harold (D:9)
  3 merfolk avatars
  6 merfolk aquamancers
  4 death yaks (Lair:6)
  A spectral frost giant (Crypt:3)
  11 centaur warriors
  2 satyrs
  9 death knights
  A two-headed ogre (shapeshifter) (Depths:4)
  37 two-headed ogres
  A titan zombie (Crypt:2)
  6 deep troll earth magi
  12 ogre magi
  3 tengu warriors
  4 vampire magi
  10 deep troll shamans
  7 spriggan berserkers
  6 deep elf knights
  A soul eater (Vaults:3)
  6 orc high priests
  8 thrashing horrors (Abyss:5)
  A spectral storm dragon (Crypt:3)
  16 shadow wraiths
  A fire crab (shapeshifter) (Depths:4)
  A spatial maelstrom (Abyss:5)
  2 wretched stars (Abyss:5)
  2 iron trolls
  A salamander mystic (Depths:5)
  A sun demon (Depths:4)
  10 hell knights
  4 unseen horrors
  5 sixfirhies
  A death drake (Depths:5)
  26 skeletal warriors
  9 sea snakes
  A death drake (shapeshifter) (Vaults:2)
  An unseen horror (shapeshifter) (Depths:4)
  6 wizards
  2 obsidian statues (Depths:4)
  25 deep trolls
  A kraken simulacrum (Shoals:4)
  3 glowing orange brains
  A glowing orange brain (shapeshifter) (Depths:4)
  9 lindwurms
  16 flayed ghosts
  13 necromancers
  28 phantasmal warriors
  11 deep elf archers
  A shadow demon (Depths:3)
  10 ironbrand convokers
  A goliath frog zombie (Crypt:2)
  20 orb spiders
  A wolf spider zombie (Crypt:1)
  11 orc sorcerers
  A spectral hydra (Crypt:3)
  17 orc knights
  23 deep elf magi
  20 harpies
  A sphinx zombie (Crypt:1)
  A golden dragon skeleton (Crypt:2)
  An orb spider (shapeshifter) (Depths:4)
  An oklob plant (Shoals:1)
  A tengu skeleton (Vaults:5)
  2 frost giant zombies
  A shining eye (Shoals:4)
  2 mana vipers (shapeshifter)
  35 wolf spiders
  2 stone giant zombies
  46 ugly things
  8 cyclopes
  5 manticores
  5 salamanders (Depths:5)
  13 fauns
  13 large abominations
  2 worldbinders (Abyss:5)
  A guardian serpent (shapeshifter) (Depths:4)
  3 rust devils
  5 centaur zombies
  2 ice statues (IceCv)
  29 moths of wrath
  6 merfolk sirens
  A guardian serpent (Orc:2)
  10 elephants
  A naga mage (D:15)
  A spriggan zombie (Depths:2)
  A molten gargoyle (D:14)
  18 vault sentinels
  A stone giant skeleton (Crypt:2)
  6 torpor snails
  6 smoke demons
  2 elephants (shapeshifter)
  A frost giant skeleton (Crypt:2)
  6 water nymphs
  6 black mambas
  10 cane toads
  A cane toad (shapeshifter) (D:15)
  3 gargoyles
  4 orange demons
  A human zombie (Vaults:4)
  2 hellions
  28 yaktaurs
  A yaktaur zombie (Depths:1)
  10 komodo dragons
  7 rime drakes
  2 yaktaurs (shapeshifter) (Depths:4)
  An ice devil (Depths:4)
  A spark wasp simulacrum (Depths:2)
  An anaconda simulacrum (Crypt:1)
  2 efreet (D:13)
  18 freezing wraiths
  2 rime drakes (shapeshifter)
  A swamp worm zombie (Crypt:1)
  A white draconian skeleton (Crypt:3)
  2 red devils
  A troll (shapeshifter) (Depths:4)
  5 guardian mummies
  A death yak skeleton (Crypt:1)
  16 demonic crawlers
  24 jumping spiders
  2 tengu conjurers
  A queen bee (shapeshifter) (Depths:4)
  11 trolls
  6 hellwings
  A sea snake skeleton (Crypt:3)
  2 queen bees
  A spectral harpy (Crypt:3)
  9 merfolk
  5 wind drakes
  4 meliai
  28 polar bears
  3 harpy skeletons
  4 tyrant leeches (Lair:6)
  23 hornets
  2 raiju (shapeshifter) (Zot:3)
  30 blink frogs
  A stone giant simulacrum (Vaults:1)
  A wind drake (shapeshifter) (Depths:4)
  A death drake skeleton (Crypt:1)
  A blink frog (shapeshifter) (Vaults:4)
  6 raiju
  10 snapping turtles
  11 dream sheep
  A meliai zombie (D:13)
  22 slime creatures
  4 ettin zombies
  13 water elementals
  A spriggan (shapeshifter) (Orc:2)
  47 tarantellas
  A centaur simulacrum (D:15)
  67 redbacks
  9 flying skulls (Crypt:3)
  3 spriggan skeletons
  3 ettin skeletons
  2 tarantellas (shapeshifter)
  5 wyverns
  21 wraiths
  3 ynoxinuls
  A human (shapeshifter) (Depths:4)
  49 yaks
  A fire bat (Abyss:5)
  6 spriggans
  2 vampires (D:13)
  7 shadows (Crypt:3)
  A basilisk (Lair:3)
  A neqoxec (Depths:4)
  3 hogs (shapeshifter)
  A golden eye (D:13)
  A vampire mosquito (D:13)
  2 chaos spawn
  15 small abominations
  A soldier ant (Vaults:5)
  2 human simulacra
  A soldier ant (shapeshifter) (Vaults:2)
  6 wargs
  18 water moccasins
  13 hell hounds (Lair:6)
  5 acid dragons
  A naga (shapeshifter) (Vaults:4)
  A water moccasin (shapeshifter) (Vaults:3)
  13 black bears
  10 sky beasts
  A meliai simulacrum (D:15)
  3 ice beasts
  An ettin simulacrum (Depths:1)
  4 swamp drakes (Depths:5)
  A black bear (shapeshifter) (Depths:4)
  An eye of draining (shapeshifter) (Vaults:3)
  13 necrophages
  57 orc warriors
  A phantom (D:4)
  A spriggan simulacrum (Depths:2)
  30 wolves
  An eye of draining (D:11)
  35 ogres
  14 boggarts
  16 centaurs
  A human skeleton (Vaults:4)
  A big kobold (D:13)
  A fire crab zombie (Crypt:2)
  A gnoll sergeant (D:7)
  25 bullfrogs
  An elf skeleton (Crypt:3)
  A glowing shapeshifter simulacrum (Vaults:3)
  A water moccasin zombie (Crypt:2)
  11 scorpions
  A wyvern skeleton (D:13)
  10 killer bees
  A queen bee zombie (Crypt:3)
  A warg skeleton (Crypt:1)
  16 wights
  3 electric eels
  5 howler monkeys
  11 jellies
  3 lava snakes
  9 starcursed masses (Abyss:5)
  A quasit (D:11)
  3 centaur skeletons
  5 hounds
  An iron imp (Depths:2)
  19 orc priests
  2 bullfrog skeletons
  35 orc wizards
  Crazy Yiuf (D:6)
  2 gnoll shamans
  2 iguanas (D:10)
  Natasha (twice) (D:4)
  9 worker ants
  7 hell rats
  A tengu zombie (Crypt:2)
  2 worker ant zombies
  A howler monkey zombie (D:8)
  15 gnolls
  17 adders
  5 river rats
  An ufetubus (D:6)
  5 oozes
  3 adder zombies
  4 dart slugs
  6 leopard geckos
  108 orcs
  A ball python (D:5)
  7 bats
  3 giant cockroaches
  8 hobgoblins
  13 jackals
  2 quokkas
  4 frilled lizards
  8 goblins
  20 kobolds
  A kobold skeleton (Crypt:2)
  A leopard gecko skeleton (D:6)
  2 quokka zombies
  5 rats
  8 crawling corpses (Vaults:5)
  A tentacle (Shoals:4)
2568 creatures vanquished.

Vanquished Creatures (collateral kills)
  2 red draconians (Depths:5)
  A merfolk impaler (Shoals:4)
  A merfolk avatar (Shoals:2)
  A centaur warrior (D:13)
  A hydra (Lair:6)
  A satyr (Shoals:4)
  An ogre mage (Vaults:3)
  4 two-headed ogres
  A deep troll earth mage (Depths:5)
  A deep elf archer (Vaults:3)
  An ironbrand convoker (Vaults:3)
  A mana viper (shapeshifter) (D:13)
  A manticore (D:13)
  A slime creature (Vaults:1)
  A faun (Shoals:3)
  A frost giant skeleton (Crypt:3)
  A merfolk siren (Shoals:2)
  A freezing wraith (Crypt:3)
  A troll (Orc:2)
  An ice beast (D:7)
  2 wolves (Lair:3)
  A bullfrog (D:7)
  A wight (D:13)
  An orc priest (D:13)
  A worker ant (D:13)
  An orc (D:13)
31 creatures vanquished.

Vanquished Creatures (others)
  Boris (Vaults:5)
  A tengu reaver (Vaults:2)
  A draconian knight (Zot:5)
  2 ironheart preservers (Vaults:5)
  A draconian annihilator (Zot:5)
  3 dancing weapons
  A deep elf mage (D:9)
  A yaktaur (Vaults:5)
  A yak (IceCv)
  A naga (shapeshifter) (Vaults:5)
  A black bear (Lair:6)
  2 ogres
  A tengu (shapeshifter) (Vaults:5)
  A small abomination (Abyss:5)
  A jelly (D:13)
  A bullfrog skeleton (D:13)
  Natasha (D:4)
  An adder (D:11)
  2 orcs
  A quokka (D:9)
  A kobold zombie (Abyss:5)
  22 fungi
  85 plants
  3 tentacles (Shoals:4)
136 creatures vanquished.

Grand Total: 2735 creatures vanquished

Notes
Turn   | Place    | Note
-------+----------+-------------------------------------------
     0 | D:1      | cykeltillsalu the Minotaur Chaos Knight began the quest for
                  | the Orb.
     0 | D:1      | Reached XP level 1. HP: 19/19 MP: 0/0
   230 | D:1      | Reached XP level 2. HP: 26/26 MP: 1/1
   522 | D:1      | XOM: silly message
   605 | D:1      | Reached skill level 5 in Axes
   921 | D:2      | XOM: silly message
   934 | D:2      | Reached XP level 3. HP: 31/31 MP: 2/2
  1124 | D:2      | XOM: silly message
  1298 | D:2      | XOM: potion effect (haste)
  1374 | D:2      | Found a sparkling altar of Nemelex Xobeh.
  1587 | D:2      | XOM: divination: magic mapping
  1594 | D:2      | XOM: silly message
  1698 | D:3      | Found an opulent altar of Gozag.
  1824 | D:3      | Reached XP level 4. HP: 39/39 MP: 3/3
  1988 | D:3      | XOM: enchant monster (bad)
  2178 | D:3      | XOM: give mutations
  2178 | D:3      | Gained mutation: Scrolls take you a little longer to read.
                  | [Xom's mischief]
  2178 | D:3      | Gained mutation: You are weak. (Str -2) [Xom's mischief]
  2257 | D:3      | XOM: cloud trail
  2755 | D:4      | XOM: enchant monster (good)
  2768 | D:3      | Reached XP level 5. HP: 43/45 MP: 4/4
  2822 | D:4      | Found an iron altar of Okawaru.
  2895 | D:4      | Noticed a phantom
  2908 | D:4      | XOM: fog
  2924 | D:4      | Killed a phantom
  2925 | D:4      | Reached XP level 6. HP: 35/51 MP: 5/5
  3086 | D:4      | Noticed Natasha
  3096 | D:4      | Killed Natasha
  3132 | D:4      | XOM: silly message
  3237 | D:4      | Found a sacrificial altar of Ru.
  3237 | D:4      | Found a blossoming altar of Fedhas.
  3238 | D:4      | Found a sparkling altar of Nemelex Xobeh.
  3326 | D:4      | Found a shadowy altar of Dithmenos.
  3417 | D:4      | XOM: summons 4 hostile demons
  3494 | D:4      | Noticed Natasha
  3501 | D:4      | XOM: give mutations
  3501 | D:4      | Gained mutation: You are partially covered in rugged brown
                  | scales. (AC +1, +3% HP) [Xom's grace]
  3501 | D:4      | Gained mutation: You are agile. (Dex +2) [Xom's grace]
  3501 | D:4      | Gained mutation: You are somewhat resistant to further
                  | mutation. [Xom's grace]
  3502 | D:4      | Killed Natasha
  3511 | D:4      | XOM: god gift: shiny ring mail {god gift}
  3537 | D:4      | Found a staircase to the Ecumenical Temple.
  3601 | D:4      | Noticed Natasha
  3603 | D:4      | Killed Natasha
  3603 | D:4      | XOM: divine lightning
  3614 | D:4      | Found a white marble altar of Elyvilon.
  3826 | D:5      | XOM: stealth player
  3826 | D:5      | Entered Level 5 of the Dungeon
  4110 | D:4      | XOM: scenery: create altars
  4374 | D:5      | XOM: give mutations
  4374 | D:5      | Lost mutation: Scrolls take you a little longer to read.
                  | [Xom's grace]
  4374 | D:5      | Gained mutation: You have supernaturally acute eyesight.
                  | (SInv) [Xom's grace]
  4374 | D:5      | Lost mutation: You are weak. (Str -2) [Xom's grace]
  4529 | D:5      | Noticed a sky beast
  4532 | D:5      | XOM: scenery: summon butterflies
  4542 | D:5      | Killed a sky beast
  4543 | D:5      | Reached XP level 7. HP: 43/58 MP: 6/6
  4635 | D:5      | Found Touthroacs's Jewellery Emporium.
  4656 | D:5      | Reached skill level 10 in Axes
  4688 | D:5      | XOM: smoke on damage
  4690 | D:5      | Reached skill level 4 in Fighting
  4891 | D:5      | Found Oggerr's Assorted Antiques.
  4909 | D:5      | Reached skill level 5 in Fighting
  5260 | D:5      | XOM: scenery: create altars
  5516 | D:6      | XOM: 5-stop teleportation journey
  5692 | D:6      | Found a runed translucent door.
  5693 | D:6      | Noticed Crazy Yiuf
  5797 | D:6      | Reached skill level 6 in Fighting
  5847 | D:6      | XOM: 5-stop teleportation journey
  5853 | D:6      | XOM: repel stairs
  5857 | D:6      | Reached XP level 8. HP: 63/72 MP: 7/7
  6216 | D:6      | XOM: torment (38/73 hp)
  6420 | D:6      | XOM: summons 4 hostile demons
  6697 | D:7      | XOM: give mutations
  6697 | D:7      | Lost mutation: You are agile. (Dex +2) [Xom's mischief]
  6697 | D:7      | Lost mutation: You are somewhat resistant to further
                  | mutation. [Xom's mischief]
  6697 | D:7      | Lost mutation: You have supernaturally acute eyesight.
                  | (SInv) [Xom's mischief]
  6697 | D:7      | Gained mutation: Scrolls take you a little longer to read.
                  | [Xom's mischief]
  6697 | D:7      | Gained mutation: Your spells are a little harder to cast,
                  | but a little more powerful. [Xom's mischief]
  6804 | D:7      | Reached skill level 7 in Fighting
  6909 | D:7      | XOM: 1-stop teleportation journey
  6947 | D:7      | XOM: summons 2 friendly demons
  7173 | D:7      | Reached skill level 5 in Armour
  7184 | D:7      | XOM: cloud trail
  7416 | D:7      | XOM: god gift: slimy battleaxe {god gift}
  7418 | D:7      | XOM: cast spell 'Summon Mana Viper'
  7421 | D:7      | Reached skill level 1 in Shields
  7534 | D:7      | XOM: cleaving
  7567 | D:7      | Got a slimy battleaxe {god gift}
  7573 | D:7      | Identified the +7 battleaxe of the Lesser Evil {chaos,
                  | Fragile rC+ Int+5 Dex+3} (Xom gifted it to you on level 7
                  | of the Dungeon)
  7587 | D:7      | XOM: divination: magic mapping
  7694 | D:8      | Reached XP level 9. HP: 81/83 MP: 8/8
  7714 | D:8      | XOM: 6-stop teleportation journey
  7739 | D:8      | XOM: god gift: 8 javelins
  7752 | D:8      | XOM: 1-stop teleportation journey
  7798 | D:8      | Reached skill level 8 in Fighting
  7813 | D:8      | XOM: silly message
  7935 | D:8      | XOM: potion effect (haste)
  8205 | D:8      | XOM: potion effect (might)
  8222 | D:8      | XOM: silly message
  8310 | D:8      | XOM: silly message
  8419 | D:8      | XOM: scenery: 3 doors close
  8660 | D:8      | Noticed a harpy
  8660 | D:8      | a water moccasin changed into a harpy
  8662 | D:8      | XOM: summons friendly ufetubus
  8665 | D:8      | Killed a harpy
  8987 | D:9      | Noticed Harold
  8988 | D:9      | XOM: summons friendly crimson imp
  8989 | D:9      | Paralysed by Harold for 4 turns
  8998 | D:9      | Killed Harold
  8999 | D:9      | Reached XP level 10. HP: 70/90 MP: 9/9
  9018 | D:9      | XOM: enchant monster (good)
  9024 | D:9      | Reached skill level 15 in Axes
  9273 | D:9      | Found a staircase to the Orcish Mines.
  9276 | D:9      | Got an ichor-stained hand axe
  9455 | D:9      | Found a broken altar of Ashenzari.
  9523 | D:9      | Found Fuothua's General Store.
  9526 | D:9      | XOM: fog
  9531 | D:9      | Bought 3 scrolls of identify for 84 gold pieces
  9533 | D:9      | Identified the +8 hand axe of the Ass {flame, Int+2 Dex+4}
                  | (You found it on level 9 of the Dungeon)
  9703 | D:9      | XOM: give mutation
  9703 | D:9      | Gained mutation: Your movements are slightly less
                  | encumbered by armour. (ER -2) [Xom's mischief]
  9735 | D:9      | Found a staircase to the Lair.
  9739 | D:9      | XOM: enchant monster (bad)
  9749 | Lair:1   | Entered Level 1 of the Lair of Beasts
  9915 | Lair:1   | Found a frozen archway.
  9923 | Lair:1   | XOM: cleaving
  9924 | IceCv    | Entered an ice cave
  9924 | IceCv    | XOM: polymorph yak -> tarantella
  9932 | IceCv    | XOM: polymorph tarantella -> queen bee
 10009 | IceCv    | XOM: 5-stop teleportation journey
 10200 | IceCv    | XOM: god gift: scroll labelled HIHUSIT HAMO {god gift}
 10263 | IceCv    | XOM: confuse monster(s)
 10268 | IceCv    | Reached XP level 11. HP: 81/96 MP: 10/10
 10296 | IceCv    | XOM: enchant monster (good)
 10303 | IceCv    | XOM: 1-stop teleportation journey
 10377 | IceCv    | XOM: 2-stop teleportation journey
 10472 | IceCv    | XOM: 2-stop teleportation journey
 10486 | IceCv    | XOM: smoke on damage
 10488 | IceCv    | XOM: confuse monster(s)
 10489 | IceCv    | XOM: divination: detect creatures
 10584 | IceCv    | XOM: 3-stop teleportation journey
 10586 | IceCv    | XOM: scenery: create altars
 10772 | IceCv    | XOM: noise
 10890 | IceCv    | Noticed a frost giant
 10900 | IceCv    | XOM: swap monsters
 10904 | IceCv    | XOM: destruction
 10906 | IceCv    | XOM: scenery: create altars
 10913 | IceCv    | Killed a frost giant
 10922 | IceCv    | XOM: stat loss: -1 Str (20/21)
 10925 | IceCv    | XOM: summons 1 hostile demon
 11297 | Lair:1   | XOM: stat loss: -1 Dex (12/13)
 11300 | Lair:1   | You fall into a shaft and drop 1 floor!
 11338 | Lair:2   | XOM: torment (49/96 hp)
 11370 | Lair:2   | XOM: 1-stop teleportation journey
 11383 | Lair:2   | XOM: summons 4 hostile demons
 11545 | Lair:2   | XOM: give mutations
 11545 | Lair:2   | Lost mutation: Scrolls take you a little longer to read.
                  | [Xom's mischief]
 11545 | Lair:2   | Lost mutation: Your spells are a little harder to cast, but
                  | a little more powerful. [Xom's mischief]
 11545 | Lair:2   | Gained mutation: You are frail. (-10% HP) [Xom's mischief]
 11630 | Lair:2   | XOM: swap monsters
 11669 | Lair:2   | Lost mutation: Your movements are slightly less encumbered
                  | by armour. (ER -2) [potion of mutation]
 11669 | Lair:2   | Gained mutation: You are partially covered in slimy green
                  | scales. (AC +2) [potion of mutation]
 11669 | Lair:2   | Gained mutation: You passively map a small area around you.
                  | [potion of mutation]
 11669 | Lair:2   | Gained mutation: You have a somewhat thin skeletal
                  | structure. (Dex +2, Stealth) [potion of mutation]
 11674 | Lair:2   | HP: 4/87 [poisoned by a water moccasin]
 11680 | Lair:2   | HP: 2/87 [poisoned by a water moccasin]
 11688 | Lair:2   | HP: 2/87 [poisoned by a water moccasin]
 11696 | Lair:2   | HP: 2/87 [poisoned by a water moccasin]
 11925 | Lair:2   | XOM: scenery: summon butterflies
 12062 | Lair:2   | Found the +8 whip "Snakebite" {curare, rPois}
 12155 | Lair:2   | XOM: swap monsters
 12185 | Lair:2   | Reached XP level 12. HP: 93/93 MP: 11/11
 12279 | Lair:2   | XOM: scenery: summon butterflies
 12307 | Lair:2   | XOM: scenery: create altars
 12428 | Lair:2   | XOM: destruction
 12501 | Lair:2   | XOM: stat loss: -1 Str (22/23)
 12588 | Lair:2   | XOM: give mutations
 12588 | Lair:2   | Gained mutation: You are covered in fur. (AC +1) [Xom's
                  | grace]
 12588 | Lair:2   | Gained mutation: Your system is resistant to poisons.
                  | (rPois) [Xom's grace]
 12763 | Lair:2   | XOM: god gift: 21 arrows
 12979 | Lair:2   | Found a staircase to the Shoals.
 13210 | Lair:2   | XOM: scenery: create altars
 13587 | Lair:3   | XOM: polymorph yak -> yak
 13590 | Lair:2   | XOM: confuse monster(s)
 13599 | Lair:3   | XOM: god gift: scroll of enchant armour
 13625 | Lair:3   | XOM: god gift: runed broad axe {god gift}
 13687 | Lair:3   | XOM: scenery: create altars
 13699 | Lair:3   | Reached skill level 9 in Fighting
 13716 | Lair:3   | XOM: give mutation
 13716 | Lair:3   | Gained mutation: You have supernaturally acute eyesight.
                  | (SInv) [Xom's grace]
 13735 | Lair:3   | Found a hole to the Spider Nest.
 13735 | Lair:3   | XOM: 7-stop teleportation journey
 13743 | Lair:3   | Reached skill level 10 in Fighting
 13898 | Lair:3   | XOM: god gift: runed war axe {god gift}
 13975 | Lair:3   | XOM: fog
 14244 | Lair:3   | XOM: scenery: summon butterflies
 14302 | Lair:3   | XOM: give mutation
 14302 | Lair:3   | Gained mutation: You expend magic power (3 MP) to
                  | strengthen your wands. [Xom's grace]
 14334 | Lair:3   | XOM: summons 4 friendly demons
 14336 | Lair:3   | Reached skill level 11 in Fighting
 14860 | Lair:4   | XOM: scenery: summon butterflies
 14861 | Lair:4   | XOM: fog
 14862 | Lair:4   | XOM: cleaving
 14873 | Lair:4   | XOM: scenery: create altars
 14894 | Lair:4   | Reached skill level 12 in Fighting
 14903 | Lair:4   | XOM: scenery: create altars
 14936 | Lair:4   | Reached skill level 13 in Fighting
 15023 | Lair:4   | Found a basalt altar of Yredelemnul.
 15023 | Lair:4   | XOM: 6-stop teleportation journey
 15041 | Lair:4   | XOM: god gift: 18 stones
 15292 | Lair:4   | XOM: fog
 15346 | Lair:4   | Noticed an eight-headed hydra
 15355 | Lair:4   | Killed a two-headed hydra
 15356 | Lair:4   | Reached XP level 13. HP: 84/113 MP: 12/12
 15531 | Lair:4   | Reached skill level 1 in Evocations
 15586 | Lair:4   | XOM: noise
 15788 | Lair:4   | XOM is BORED!
 15788 | Lair:4   | XOM: summons 7 hostile demons
 15944 | Lair:4   | XOM: summons 3 friendly demons
 16353 | Lair:5   | XOM: summons 7 hostile demons
 16525 | Lair:5   | XOM: draining
 16694 | Lair:5   | XOM: summons 2 hostile demons
 16700 | Lair:5   | XOM: summons friendly shadow imp
 16761 | Lair:5   | XOM: cast spell 'Cause Fear'
 16865 | Lair:5   | XOM: scenery: summon butterflies
 16895 | Lair:5   | XOM: enchant monster (good)
 16898 | Lair:5   | Reached skill level 14 in Fighting
 17245 | Lair:5   | XOM: torment (58/113 hp)
 17266 | Lair:5   | XOM: god gift: quarterstaff {god gift}
 17649 | Lair:5   | XOM: cloud trail
 17677 | Lair:6   | Entered Level 6 of the Lair of Beasts
 17744 | Lair:6   | XOM: cast spell 'Monstrous Menagerie'
 17813 | Lair:6   | XOM: silly message
 17816 | Lair:6   | XOM: enchant monster (good)
 18081 | Lair:6   | XOM: cast spell 'Necromutation'
 18087 | Lair:6   | XOM: enchant monster (good)
 18090 | Lair:6   | XOM: divination: magic mapping
 18133 | Lair:6   | Reached skill level 5 in Shields
 18146 | Lair:6   | XOM: polymorph hell hound -> hell rat
 18153 | Lair:6   | XOM: polymorph warg -> acid dragon
 18225 | Lair:6   | XOM: 1-stop teleportation journey
 18456 | Lair:6   | XOM: potion effect (invisibility)
 18688 | Lair:6   | XOM: polymorph dream sheep -> harpy
 18889 | Lair:6   | XOM: enchant monster (good)
 18896 | Lair:6   | XOM: polymorph water moccasin -> shapeshifter
 18898 | Lair:6   | XOM: summons 6 friendly demons
 18903 | Lair:6   | Reached skill level 15 in Fighting
 18903 | Lair:6   | Reached skill level 5 in Dodging
 18937 | Lair:6   | XOM: polymorph shadow imp -> iron imp
 19026 | Lair:6   | Found a staircase to the Slime Pits.
 19031 | Lair:6   | XOM: enchant monster (good)
 19087 | Lair:6   | Found a runed translucent door.
 19089 | Lair:6   | Noticed Nuonk's ghost (journeyman TeBe)
 19097 | Lair:6   | XOM: confusion
 19135 | Lair:6   | XOM: noise
 19137 | Lair:6   | Killed Nuonk's ghost
 19335 | Lair:6   | Reached XP level 14. HP: 124/125 MP: 13/13
 19348 | Lair:6   | XOM: stat loss: -1 Str (22/23)
 19353 | Lair:6   | XOM: enchant monster (bad)
 19363 | Lair:6   | XOM: swap monsters
 19372 | Lair:6   | XOM: cast spell 'Summon Mana Viper'
 19425 | Lair:6   | XOM: 8-stop teleportation journey
 19691 | Lair:6   | Found a runed translucent door.
 19708 | Lair:6   | XOM: summons friendly ufetubus
 19925 | Lair:6   | XOM: smoke on damage
 19948 | Lair:6   | XOM: confusion (+ monsters)
 19974 | Lair:6   | XOM: enchant monster (bad)
 19981 | Lair:6   | XOM: 3-stop teleportation journey
 20230 | Lair:6   | XOM: confusion
 20284 | Lair:6   | XOM: summons friendly crimson imp
 20654 | Lair:6   | XOM: give mutation
 20654 | Lair:6   | Lost mutation: You passively map a small area around you.
                  | [Xom's mischief]
 20728 | Lair:1   | XOM: 4-stop teleportation journey
 20776 | Lair:1   | XOM: silly message
 20890 | Lair:1   | XOM: noise
 20943 | Lair:1   | XOM: give mutations
 20943 | Lair:1   | Lost mutation: Your system is resistant to poisons. (rPois)
                  | [Xom's mischief]
 20943 | Lair:1   | Gained mutation: You are very frail. (-20% HP) [Xom's
                  | mischief]
 20943 | Lair:1   | Lost mutation: You are covered in fur. (AC +1) [Xom's
                  | mischief]
 21164 | Lair:1   | XOM: 2-stop teleportation journey
 21347 | Lair:1   | XOM: stat loss: -1 Str (22/23)
 21363 | Lair:1   | XOM: give mutations
 21363 | Lair:1   | Gained mutation: Your muscles are strong. (Str +2) [Xom's
                  | grace]
 21363 | Lair:1   | Gained mutation: You evolve. [Xom's grace]
 21757 | Lair:1   | XOM: summons 4 hostile shadow creatures
 21799 | Orc:1    | Entered Level 1 of the Orcish Mines
 21833 | Orc:1    | Reached skill level 5 in Evocations
 21845 | Orc:1    | XOM: swap monsters
 21846 | Orc:1    | XOM: confuse monster(s)
 21851 | Orc:1    | Lost mutation: You have supernaturally acute eyesight.
                  | (SInv) [evolution]
 21864 | Orc:1    | XOM: give mutations
 21864 | Orc:1    | Gained mutation: Scrolls take you a little longer to read.
                  | [Xom's mischief]
 21864 | Orc:1    | Lost mutation: You are partially covered in slimy green
                  | scales. (AC +2) [Xom's mischief]
 21867 | Orc:2    | Entered Level 2 of the Orcish Mines
 21867 | Orc:2    | Found a staircase to the Elven Halls.
 21923 | Orc:2    | XOM: repel stairs
 21974 | Orc:2    | XOM: summons friendly rust devil
 21978 | Orc:2    | Reached skill level 16 in Fighting
 22151 | Orc:2    | XOM: confuse monster(s)
 22173 | Orc:2    | Found Wiwkaostryb's General Store.
 22173 | Orc:2    | XOM: 6-stop teleportation journey
 22405 | D:9      | XOM: give mutations
 22405 | D:9      | Lost mutation: You are very frail. (-20% HP) [Xom's grace]
 22405 | D:9      | Gained mutation: Your muscles are very strong. (Str +4)
                  | [Xom's grace]
 22461 | D:9      | XOM: divination: magic mapping
 22511 | Orc:2    | XOM: enchant monster (good)
 22517 | Orc:2    | XOM: 1-stop teleportation journey
 22721 | Orc:2    | XOM: blink monster(s)
 22731 | Orc:2    | XOM: scenery: create altars
 22734 | Orc:2    | XOM: noise
 22742 | Orc:2    | XOM: smoke on damage
 22743 | Orc:2    | Noticed an orc warlord
 22748 | Orc:2    | XOM: noise
 22752 | Orc:2    | XOM: repel stairs
 22772 | Orc:1    | XOM: noise
 22773 | Orc:1    | XOM: polymorph warg -> naga
 22788 | Orc:1    | XOM: cleaving
 22863 | D:9      | XOM: give mutations
 22863 | D:9      | Lost mutation: Your muscles are very strong. (Str +4)
                  | [Xom's mischief]
 22863 | D:9      | Gained mutation: You are clumsy. (Dex -2) [Xom's mischief]
 22863 | D:9      | Lost mutation: Your muscles are strong. (Str +2) [Xom's
                  | mischief]
 22863 | D:9      | Lost mutation: You are frail. (-10% HP) [Xom's mischief]
 23031 | D:9      | XOM: summons 4 hostile shadow creatures
 23183 | Orc:1    | XOM: confuse monster(s)
 23226 | Orc:1    | XOM: 9-stop teleportation journey
 23462 | Orc:2    | an orc warlord changed into something unseen
 23481 | Orc:1    | Killed a ghost moth
 23714 | Orc:1    | XOM: fake destruction
 23722 | Orc:1    | XOM: summons friendly quasit
 23723 | Orc:1    | XOM: enchant monster (bad)
 23729 | Orc:1    | XOM: 1-stop teleportation journey
 23737 | Orc:1    | XOM: confusion
 23739 | Orc:1    | XOM: blink monster(s)
 24094 | Orc:1    | XOM: chaos upgrade
 24095 | Orc:1    | XOM: potion effect (might)
 24095 | Orc:1    | Paralysed by an orc sorcerer for 2 turns
 24096 | Orc:1    | XOM: divination: detect items
 24097 | D:9      | XOM: noise
 24295 | D:8      | XOM: god gift: wand of disintegration (4)
 24313 | D:9      | XOM: give mutations
 24313 | D:9      | Gained mutation: You possess an exceptional clarity of
                  | mind. [Xom's grace]
 24313 | D:9      | Lost mutation: You are clumsy. (Dex -2) [Xom's grace]
 24313 | D:9      | Gained mutation: Your flesh is heat resistant. (rF+) [Xom's
                  | grace]
 24362 | D:9      | XOM: cleaving
 24365 | D:9      | XOM: divine lightning
 24471 | Orc:1    | XOM: polymorph ice beast -> fire bat
 24479 | D:9      | XOM: chaos cloud
 24535 | Orc:1    | XOM: scenery: summon butterflies
 24538 | Orc:1    | XOM: enchant monster (bad)
 24615 | Orc:1    | XOM: 1-stop teleportation journey
 24736 | Orc:2    | XOM: summons 5 friendly demons
 24738 | Orc:2    | Paralysed by an orc sorcerer for 2 turns
 24851 | Orc:2    | Reached XP level 15. HP: 121/148 MP: 14/14
 24948 | Orc:2    | Reached skill level 10 in Armour
 24950 | Orc:2    | XOM: swap monsters
 24960 | Orc:2    | XOM: swap monsters
 24963 | Orc:2    | XOM: chaos cloud
 25118 | Orc:1    | XOM: silly message
 25373 | Orc:2    | XOM: polymorph orc knight -> guardian serpent
 25536 | Orc:2    | XOM: give mutations
 25536 | Orc:2    | Gained mutation: Your body sometimes deteriorates upon
                  | taking damage. [Xom's mischief]
 25536 | Orc:2    | Gained mutation: You are clumsy. (Dex -2) [Xom's mischief]
 25536 | Orc:2    | Lost mutation: You are clumsy. (Dex -2) [Xom's mischief]
 25558 | Orc:2    | Found Lethria's Jewellery Emporium.
 25559 | Orc:2    | Found Jeoras's Antique Armour Emporium.
 25559 | Orc:2    | Found Qiatesy's Antique Weapon Shoppe.
 25575 | Orc:2    | Bought a scroll of enchant armour for 97 gold pieces
 25641 | D:9      | XOM: noise
 25732 | D:5      | Bought the amulet of the Unstoppable Deaths {Reflect rF+
                  | Int-3 Dex+3 SH+5} for 440 gold pieces
 25796 | D:7      | XOM: cloud trail
 25838 | D:10     | Entered Level 10 of the Dungeon
 25975 | D:10     | XOM: polymorph yak -> orb spider
 26044 | D:10     | Found Emufut's Antique Armour Boutique.
 26060 | D:10     | Bought a steaming hat for 315 gold pieces
 26060 | D:10     | Bought an embroidered scarf for 280 gold pieces
 26070 | D:10     | Identified the +1 hat of Mipim {Will+ Int+3} (You bought it
                  | in a shop on level 10 of the Dungeon)
 26096 | D:10     | XOM: silly message
 26202 | D:10     | XOM: 3-stop teleportation journey
 26611 | D:11     | XOM: god gift: wand of random effects (29)
 26683 | D:11     | XOM: 4-stop teleportation journey
 26814 | D:11     | XOM: cast spell 'Metabolic Englaciation'
 26838 | D:11     | XOM: summons friendly quasit
 26853 | D:11     | Reached skill level 17 in Fighting
 27037 | D:11     | Found a flagged portal.
 27044 | Bailey   | Entered a bailey
 28070 | D:12     | Got a transparent scale mail
 28081 | D:12     | Identified the +6 scale mail "Bitroita" {Dex+3} (You found
                  | it on level 12 of the Dungeon)
 28320 | D:12     | XOM: 3-stop teleportation journey
 28378 | D:12     | XOM: god gift: pitted barding {god gift}
 28423 | D:12     | XOM: 8-stop teleportation journey
 28427 | D:12     | XOM: scenery: 1 doors open
 28605 | D:12     | XOM: 1-stop teleportation journey
 28693 | D:13     | Lost mutation: You have a somewhat thin skeletal structure.
                  | (Dex +2, Stealth) [evolution]
 28702 | D:13     | XOM: cloud trail
 28750 | D:13     | Found a portal to a secret trove of treasure.
 28975 | D:13     | XOM: fog
 29000 | D:13     | XOM: summons 3 friendly demons
 29048 | D:13     | XOM: cast spell 'Summon Dragon'
 29223 | D:13     | Identified 3 scrolls of acquirement
 29223 | D:13     | Acquired the +2 hat of a treasure trove {-Tele rElec Will+
                  | Dex+2}
 29236 | D:13     | Acquired the +0 pair of gloves of Fallacy {Rampage rC+
                  | Will+ rCorr}
 29250 | D:13     | Acquired a manual of Dodging
 29258 | D:13     | XOM: god gift: twisted buckler {god gift}
 29309 | D:13     | Got a twisted buckler {god gift}
 29320 | D:13     | Identified the +3 buckler of Proximity {+Inv rElec rPois
                  | Int-5} (Xom gifted it to you on level 13 of the Dungeon)
 29354 | D:13     | XOM: god gift: wand of iceblast (6)
 29593 | D:13     | XOM: summons friendly white imp
 29823 | D:13     | XOM: give mutation
 29823 | D:13     | Gained mutation: Your spells are a little harder to cast,
                  | but a little more powerful. [Xom's grace]
 29951 | D:13     | Found a gate to the Vaults.
 30001 | D:13     | Noticed an iron giant
 30001 | D:13     | XOM: scenery: create altars
 30004 | D:13     | XOM: scenery: 1 doors close
 30169 | D:13     | XOM: give mutation
 30169 | D:13     | Gained mutation: You are resistant to electric shocks.
                  | (rElec) [Xom's grace]
 30296 | D:13     | XOM: give mutations
 30296 | D:13     | Gained mutation: You have a pair of large horns on your
                  | head. [Xom's grace]
 30296 | D:13     | Gained mutation: You can translocate small distances at
                  | will. [Xom's grace]
 30296 | D:13     | Gained mutation: You have sharp toenails. [Xom's grace]
 30296 | D:13     | Gained mutation: You are agile. (Dex +2) [Xom's grace]
 30319 | D:13     | Noticed a caustic shrike
 30323 | D:13     | Lost intelligence.
 30329 | D:13     | Noticed an acid blob
 30329 | D:13     | a caustic shrike changed into an acid blob
 30631 | D:13     | XOM: noise
 30658 | D:13     | Noticed a shard shrike
 30658 | D:13     | XOM: confuse monster(s)
 30661 | D:13     | Killed a shard shrike
 30662 | D:13     | Reached skill level 18 in Fighting
 30720 | D:14     | XOM: 2-stop teleportation journey
 30727 | D:14     | XOM: noise
 30739 | D:14     | Reached skill level 10 in Shields
 30759 | D:14     | Noticed Josephine
 30760 | D:14     | XOM: cleaving
 30762 | D:14     | XOM: confuse monster(s)
 30765 | D:14     | Killed Josephine
 30766 | D:14     | Reached XP level 16. HP: 99/161 MP: 15/15
 30769 | D:14     | XOM: enchant monster (good)
 30783 | D:14     | XOM: blink monster(s)
 30843 | D:14     | XOM: 1-stop teleportation journey
 31042 | D:14     | XOM: enchant monster (bad)
 31239 | D:14     | XOM: swap monsters
 31458 | D:15     | Entered Level 15 of the Dungeon
 31580 | D:15     | Found a staircase to the Depths.
 31580 | D:15     | XOM: 1-stop teleportation journey
 31696 | D:15     | XOM: noise
 31724 | D:15     | XOM: give mutations
 31724 | D:15     | Lost mutation: You possess an exceptional clarity of mind.
                  | [Xom's mischief]
 31724 | D:15     | Gained mutation: You are frail. (-10% HP) [Xom's mischief]
 31842 | D:15     | XOM: summons 9 hostile demons
 31942 | D:15     | XOM: give mutation
 31942 | D:15     | Lost mutation: Your body sometimes deteriorates upon taking
                  | damage. [Xom's mischief]
 32387 | Spider:1 | Entered Level 1 of the Spider Nest
 32387 | Spider:1 | Found a runed translucent gate.
 32394 | Spider:1 | Found a runed translucent gate.
 32410 | Spider:1 | Reached skill level 10 in Dodging
 32412 | Spider:1 | XOM: give mutations
 32412 | Spider:1 | Lost mutation: Your spells are a little harder to cast, but
                  | a little more powerful. [Xom's mischief]
 32412 | Spider:1 | Lost mutation: You have a pair of large horns on your head.
                  | [Xom's mischief]
 32412 | Spider:1 | Lost mutation: Your flesh is heat resistant. (rF+) [Xom's
                  | mischief]
 32417 | Spider:1 | XOM: summons friendly quasit
 32434 | Spider:1 | Noticed YannSP's ghost (journeyman GrEE)
 32445 | Spider:1 | Found a runed translucent gate.
 32830 | Spider:1 | XOM: give mutations
 32830 | Spider:1 | Gained mutation: You are covered in fur. (AC +1) [Xom's
                  | grace]
 32830 | Spider:1 | Gained mutation: You possess an exceptional clarity of
                  | mind. [Xom's grace]
 32979 | Spider:1 | Killed YannSP's ghost
 33012 | Spider:1 | XOM: confuse monster(s)
 33021 | Spider:1 | XOM: cleaving
 33046 | Spider:1 | Got a pair of shimmering boots
 33059 | Spider:1 | Identified the +2 pair of boots of Lies {rN+ Dex+7} (You
                  | found it on level 1 of the Spider Nest)
 33116 | Spider:1 | Got a bound turquoise ring
 33121 | Spider:1 | Identified the ring of Laikk {rF+ Str+2 Dex+7 Slay-5 SInv}
                  | (You found it on level 1 of the Spider Nest)
 33146 | Spider:2 | Noticed Arachne
 33228 | Spider:1 | Killed Arachne
 33458 | Spider:2 | Reached skill level 19 in Fighting
 33475 | Spider:2 | XOM: divination: detect items
 33991 | Spider:2 | XOM: scenery: create altars
 33993 | Spider:2 | XOM: fog
 34011 | Spider:2 | XOM: 1-stop teleportation journey
 34229 | Spider:3 | XOM: scenery: summon butterflies
 34350 | Spider:3 | XOM: silly message
 34448 | Spider:3 | XOM: 1-stop teleportation journey
 34456 | Spider:3 | XOM: 1-stop teleportation journey
 34801 | Spider:3 | Reached XP level 17. HP: 144/156 MP: 16/16
 34872 | Spider:3 | XOM: enchant monster (bad)
 34976 | Spider:3 | XOM: noise
 35188 | Spider:3 | XOM: give mutations
 35188 | Spider:3 | Lost mutation: You are frail. (-10% HP) [Xom's mischief]
 35188 | Spider:3 | Lost mutation: You are agile. (Dex +2) [Xom's mischief]
 35188 | Spider:3 | Lost mutation: You expend magic power (3 MP) to strengthen
                  | your wands. [Xom's mischief]
 35289 | Spider:3 | XOM: give mutations
 35289 | Spider:3 | Lost mutation: You are resistant to electric shocks.
                  | (rElec) [Xom's mischief]
 35289 | Spider:3 | Lost mutation: Scrolls take you a little longer to read.
                  | [Xom's mischief]
 35407 | Spider:4 | Entered Level 4 of the Spider Nest
 35409 | Spider:4 | XOM: fog
 35426 | Spider:4 | XOM: scenery: create altars
 35432 | Spider:4 | XOM: blink monster(s)
 35505 | Spider:3 | XOM: silly message
 35760 | Spider:4 | XOM: 2-stop teleportation journey
 36064 | Spider:4 | Reached skill level 20 in Fighting
 36318 | Spider:4 | XOM: god gift: 8 javelins
 36493 | Spider:4 | XOM: summons friendly shadow imp
 36498 | Spider:4 | XOM: summons 2 friendly demons
 36630 | Spider:4 | XOM: 1-stop teleportation journey
 37006 | Spider:4 | Gained mutation: You have a pair of large horns on your
                  | head. [evolution]
 37134 | Spider:4 | Got a gossamer rune of Zot
 37179 | Spider:4 | XOM: smoke on damage
 37190 | Spider:4 | XOM: silly message
 37545 | Shoals:1 | Entered Level 1 of the Shoals
 37631 | Shoals:1 | XOM: noise
 37643 | Shoals:1 | XOM: blink monster(s)
 37647 | Shoals:1 | XOM: enchant monster (good)
 37649 | Shoals:1 | XOM: silly message
 37711 | Shoals:1 | XOM: confuse monster(s)
 37712 | Shoals:1 | Found a hide-covered altar of Uskayaw.
 37728 | Shoals:1 | Reached skill level 10 in Evocations
 37788 | Shoals:2 | Noticed Frances
 37798 | Shoals:2 | Lost intelligence.
 37812 | Shoals:2 | XOM: 2-stop teleportation journey
 37961 | Shoals:2 | XOM: summons 16 friendly demons
 37983 | Shoals:2 | XOM: enchant monster (good)
 37987 | Shoals:2 | Killed Frances
 37992 | Shoals:2 | Reached XP level 18. HP: 96/183 MP: 17/17
 38044 | Shoals:3 | XOM: summons friendly ufetubus
 38117 | Shoals:2 | XOM: give mutation
 38117 | Shoals:2 | Gained mutation: You are strong-willed. (Will+) [Xom's
                  | grace]
 38291 | Shoals:3 | XOM: cleaving
 38313 | Shoals:3 | XOM: enchant monster (good)
 38453 | Shoals:3 | XOM: enchant monster (good)
 38454 | Shoals:3 | XOM: 6-stop teleportation journey
 38460 | Shoals:3 | XOM: polymorph merfolk siren -> queen bee
 38472 | Shoals:4 | Entered Level 4 of the Shoals
 38714 | Shoals:4 | XOM: god gift: phial of floods
 38883 | Shoals:4 | Found the amulet of the Air {Inacc +Fly rElec EV+5 RMsl}
 38987 | Shoals:4 | XOM: scenery: summon butterflies
 39189 | Shoals:4 | XOM: enchant monster (good)
 39190 | Shoals:4 | XOM: fog
 39191 | Shoals:4 | XOM: summons 7 friendly demons
 39413 | Shoals:4 | XOM: polymorph merfolk avatar -> storm dragon
 39416 | Shoals:4 | XOM: polymorph storm dragon -> shining eye
 39485 | Shoals:4 | XOM: give mutations
 39485 | Shoals:4 | Lost mutation: You are strong-willed. (Will+) [Xom's
                  | mischief]
 39767 | Shoals:4 | XOM: summons 3 friendly demons
 39769 | Shoals:4 | Reached skill level 15 in Dodging
 39788 | Shoals:4 | Reached skill level 15 in Armour
 39837 | Shoals:4 | Got a barnacled rune of Zot
 39840 | Shoals:4 | XOM: silly message
 40011 | Shoals:2 | XOM: cloud trail
 40047 | Shoals:1 | XOM: swap monsters
 40063 | Shoals:1 | XOM: confuse monster(s)
 40132 | Shoals:1 | XOM: silly message
 40357 | Vaults:1 | Entered Level 1 of the Vaults
 40357 | Vaults:1 | Found Fipawk's General Store.
 40374 | Vaults:1 | Bought a scroll of fear for 49 gold pieces
 40374 | Vaults:1 | Bought a potion of heal wounds for 70 gold pieces
 40374 | Vaults:1 | Bought a scroll of teleportation for 42 gold pieces
 40374 | Vaults:1 | Bought a scroll of teleportation for 42 gold pieces
 40374 | Vaults:1 | Bought a scroll of teleportation for 42 gold pieces
 40423 | Vaults:1 | XOM: summons friendly white imp
 40436 | Vaults:1 | XOM: chaos upgrade
 40447 | Vaults:1 | Reached skill level 15 in Shields
 40504 | Vaults:1 | XOM: enchant monster (good)
 40661 | Vaults:1 | XOM: scenery: 1 doors close
 40686 | Vaults:1 | XOM: god gift: 19 gold pieces
 40782 | Vaults:1 | XOM: cast spell 'Summon Dragon'
 40861 | Vaults:1 | XOM: god gift: 54 gold pieces
 41233 | Vaults:1 | XOM: 7-stop teleportation journey
 41256 | Vaults:1 | XOM: confuse monster(s)
 41259 | Vaults:1 | XOM: confuse monster(s)
 41470 | Vaults:1 | XOM: fog
 41636 | Vaults:1 | XOM: scenery: 2 doors open
 41731 | Vaults:1 | Noticed Saint Roka
 41732 | Vaults:1 | XOM: polymorph vault warden -> quicksilver dragon
 41756 | Vaults:1 | XOM: cast spell 'Statue Form'
 41767 | Vaults:1 | Killed Saint Roka
 41768 | Vaults:1 | Reached XP level 19. HP: 34/190 MP: 18/18
 41848 | Vaults:1 | XOM: draining
 41997 | Vaults:1 | Gained mutation: You are weak. (Str -2) [evolution]
 42142 | Vaults:1 | XOM: give mutations
 42142 | Vaults:1 | Gained mutation: You are strong-willed. (Will+) [Xom's
                  | grace]
 42142 | Vaults:1 | Gained mutation: Your mind is acute. (Int +2) [Xom's grace]
 42142 | Vaults:1 | Gained mutation: You are highly strong-willed. (Will++)
                  | [Xom's grace]
 42691 | Vaults:2 | XOM: fake destruction
 43162 | Vaults:2 | XOM is BORED!
 43162 | Vaults:2 | XOM: 3-stop teleportation journey
 43379 | Vaults:2 | XOM: divination: magic mapping
 43479 | Vaults:2 | XOM: summons friendly crimson imp
 43479 | Vaults:2 | Noticed Sojobo
 43487 | Vaults:2 | XOM: enchant monster (bad)
 43495 | Vaults:2 | XOM: divination: magic mapping
 43512 | Vaults:2 | XOM: noise
 43519 | Vaults:2 | XOM: enchant monster (good)
 43539 | Vaults:2 | XOM: summons 2 friendly demons
 43614 | Vaults:2 | XOM: silly message
 43659 | Vaults:2 | XOM: silly message
 44118 | Vaults:2 | XOM: divination: detect items
 44124 | Vaults:2 | Killed Sojobo
 44173 | Vaults:2 | XOM: silly message
 44197 | Vaults:2 | Found Jerijiera's Antique Weapon Shop.
 44209 | Vaults:2 | XOM: silly message
 44211 | Vaults:2 | XOM: blink monster(s)
 44328 | Vaults:2 | XOM: enchant monster (bad)
 44534 | Vaults:2 | XOM: polymorph cyan ugly thing -> green ugly thing
 44536 | Vaults:2 | XOM: polymorph cyan ugly thing -> red ugly thing
 44589 | Vaults:2 | Got a pair of distressingly furry boots
 44590 | Vaults:2 | Identified the +0 pair of boots "Ginuvuuw" {rF+} (You found
                  | it on level 2 of the Vaults)
 44829 | Vaults:3 | XOM: 1-stop teleportation journey
 44841 | Vaults:3 | Noticed Boris
 44853 | Vaults:3 | Killed Boris
 44865 | Vaults:3 | XOM: enchant monster (good)
 44876 | Vaults:3 | XOM: destruction
 45084 | Vaults:3 | XOM: cast spell 'Leda's Liquefaction'
 45204 | Vaults:3 | XOM: god gift: agate ring {god gift}
 45534 | Vaults:3 | XOM: cleaving
 45629 | Vaults:3 | XOM: god gift: pair of embroidered boots {god gift}
 45721 | Vaults:3 | XOM: fog
 45730 | Vaults:3 | Reached XP level 20. HP: 186/200 MP: 19/19
 45860 | Vaults:3 | XOM: destruction
 45976 | Vaults:3 | Noticed Aizul
 45999 | Vaults:3 | Killed Aizul
 46026 | Vaults:3 | XOM: divination: detect items
 46178 | Vaults:3 | XOM: god gift: 13 bolts
 46342 | Vaults:3 | Found a staircase to the Crypt.
 46365 | Vaults:3 | XOM: blink monster(s)
 46368 | Vaults:3 | XOM: chaos cloud
 46369 | Vaults:3 | XOM: swap monsters
 46402 | Vaults:3 | XOM: summons 3 hostile demons
 46444 | Vaults:3 | XOM: stat loss: -1 Str (23/24)
 46566 | Crypt:1  | Entered Level 1 of the Crypt
 46567 | Crypt:1  | XOM: summons 3 hostile shadow creatures
 46684 | Vaults:3 | XOM: noise
 46917 | Crypt:1  | XOM: summons 5 hostile demons
 46923 | Crypt:1  | XOM: give mutations
 46923 | Crypt:1  | Lost mutation: You are weak. (Str -2) [Xom's mischief]
 46923 | Crypt:1  | Lost mutation: You are partially covered in rugged brown
                  | scales. (AC +1, +3% HP) [Xom's mischief]
 46923 | Crypt:1  | Gained mutation: You are weak. (Str -2) [Xom's mischief]
 46923 | Crypt:1  | Lost mutation: You are weak. (Str -2) [Xom's mischief]
 47215 | Crypt:1  | XOM: noise
 47228 | Crypt:1  | XOM: scenery: summon butterflies
 47344 | Crypt:1  | XOM: scenery: create altars
 47656 | Crypt:1  | XOM: give mutation
 47656 | Crypt:1  | Lost mutation: You evolve. [Xom's grace]
 47656 | Crypt:1  | Gained mutation: You are somewhat resistant to further
                  | mutation. [Xom's grace]
 47691 | Crypt:1  | XOM: cast spell 'Summon Small Mammal'
 47793 | Crypt:1  | XOM: god gift: 19 arrows
 48133 | Crypt:2  | XOM: stealth player
 48175 | Crypt:2  | XOM: give mutations
 48175 | Crypt:2  | Gained mutation: Scrolls take you a little longer to read.
                  | [Xom's mischief]
 48175 | Crypt:2  | Lost mutation: You are highly strong-willed. (Will++)
                  | [Xom's mischief]
 48175 | Crypt:2  | Gained mutation: Scrolls take you longer to read. [Xom's
                  | mischief]
 48195 | Crypt:2  | XOM: destruction
 48205 | Crypt:2  | Reached skill level 21 in Fighting
 48217 | Crypt:2  | XOM: cleaving
 48221 | Crypt:2  | XOM: noise
 48431 | Crypt:2  | XOM: scenery: create altars
 48545 | Crypt:2  | Noticed Boris
 48561 | Crypt:2  | Killed Boris
 48638 | Crypt:2  | XOM: enchant monster (good)
 48644 | Crypt:2  | XOM: enchant monster (bad)
 48655 | Crypt:2  | XOM: chaos upgrade
 48783 | Crypt:2  | XOM: noise
 48789 | Crypt:2  | XOM: silly message
 48798 | Crypt:2  | XOM: 6-stop teleportation journey
 49025 | Crypt:2  | XOM: potion effect (curing)
 49064 | Crypt:2  | XOM: silly message
 49140 | Crypt:2  | XOM: silly message
 49353 | Crypt:2  | Found the +6 Majin-Bo {vamp, MP+6 Int+6}
 49376 | Crypt:2  | Identified the Catalogue of Flying Moulding
 49406 | Crypt:2  | Learned a level 2 spell: Passwall
 49446 | Crypt:3  | Entered Level 3 of the Crypt
 49471 | Crypt:3  | XOM: enchant monster (good)
 49528 | Crypt:3  | XOM: silly message
 49619 | Crypt:3  | XOM: divination: detect items
 49622 | Crypt:3  | XOM: potion effect (curing)
 49699 | Crypt:3  | Reached XP level 21. HP: 176/204 MP: 20/20
 50027 | Crypt:3  | Found a staircase to the Tomb.
 50028 | Crypt:3  | XOM: cloud trail
 50061 | Crypt:3  | XOM: divination: detect items
 50063 | Crypt:3  | XOM: noise
 50078 | Crypt:3  | XOM: summons friendly white imp
 50091 | Crypt:3  | XOM: summons friendly quasit
 50129 | Crypt:3  | XOM: god gift: 59 gold pieces
 50326 | Crypt:3  | XOM: confuse monster(s)
 50330 | Crypt:3  | XOM: enchant monster (good)
 50353 | Crypt:3  | XOM: 2-stop teleportation journey
 50367 | Crypt:3  | XOM: smoke on damage
 50398 | Crypt:3  | XOM: fog
 50423 | Crypt:3  | Found a basalt altar of Yredelemnul.
 50450 | Crypt:3  | XOM: scenery: 1 doors close
 50462 | Crypt:3  | XOM: summons friendly smoke demon
 50583 | Crypt:3  | XOM: divination: detect creatures
 50706 | Crypt:3  | Found the +12 Vampire's Tooth {vamp}
 50782 | Crypt:3  | XOM: noise
 50928 | Crypt:3  | XOM: give mutation
 50928 | Crypt:3  | Gained mutation: You are partially covered in molten
                  | scales. (AC +2) [Xom's grace]
 51072 | Crypt:3  | XOM: summons 3 friendly demons
 51112 | Crypt:3  | XOM: god gift: 7 curare-tipped darts
 51479 | Vaults:4 | XOM: confuse monster(s)
 51526 | Vaults:4 | Noticed Bai Suzhen
 51526 | Vaults:4 | Bai Suzhen changed into Bai Suzhen the shapeshifter
 51526 | Vaults:4 | XOM: polymorph Bai Suzhen -> Bai Suzhen the shapeshifter
 51561 | Vaults:4 | XOM: noise
 51606 | Vaults:4 | XOM: god gift: 14 gold pieces
 51716 | Vaults:4 | XOM: scenery: 1 doors close
 51876 | Vaults:4 | XOM: scenery: 1 doors close
 51920 | Vaults:4 | XOM: 1-stop teleportation journey
 51939 | Vaults:4 | XOM: cloud trail
 52014 | Vaults:4 | XOM: 7-stop teleportation journey
 52161 | Vaults:4 | XOM: summons 10 friendly demons
 52168 | Vaults:4 | XOM: polymorph ufetubus -> crimson imp
 52174 | Vaults:4 | Reached skill level 22 in Fighting
 52226 | Vaults:4 | XOM: fog
 52230 | Vaults:4 | XOM: give mutation
 52230 | Vaults:4 | Gained mutation: You are somewhat resistant to both further
                  | mutation and mutation removal. [Xom's grace]
 52351 | Vaults:4 | XOM: noise
 52795 | Vaults:4 | XOM: cast spell 'Olgreb's Toxic Radiance'
 52801 | Vaults:4 | XOM: enchant monster (good)
 52839 | Vaults:4 | Found Gaidwuut's Book Shop.
 52897 | Vaults:4 | XOM: give mutation
 52897 | Vaults:4 | Lost mutation: Your mind is acute. (Int +2) [Xom's
                  | mischief]
 53070 | Vaults:5 | Entered Level 5 of the Vaults
 53070 | Vaults:5 | XOM: blink monster(s)
 53074 | Vaults:5 | XOM: polymorph ironbrand convoker -> soldier ant
 53075 | Vaults:5 | XOM: destruction
 53077 | Vaults:5 | XOM: stat loss: -1 Str (25/26)
 53080 | Vaults:5 | Noticed a golden dragon
 53082 | Vaults:5 | XOM: enchant monster (good)
 53089 | Vaults:5 | XOM: enchant monster (good)
 53099 | Vaults:5 | XOM: destruction
 53115 | Vaults:5 | Reached XP level 22. HP: 152/215 MP: 21/21
 53132 | Vaults:5 | Killed a golden dragon
 53158 | Vaults:5 | XOM: cast spell 'Death Channel'
 53159 | Vaults:5 | XOM: blink monster(s)
 53173 | Vaults:5 | XOM: summons friendly quasit
 53236 | Vaults:5 | XOM: summons 5 friendly demons
 53238 | Vaults:5 | XOM: 1-stop teleportation journey
 53243 | Vaults:5 | XOM: enchant monster (good)
 53261 | Vaults:4 | XOM: summons 3 hostile shadow creatures
 53836 | Vaults:1 | XOM: give mutations
 53836 | Vaults:1 | Lost mutation: You have a pair of large horns on your head.
                  | [Xom's mischief]
 53836 | Vaults:1 | Lost mutation: You have sharp toenails. [Xom's mischief]
 53941 | Depths:1 | Entered Level 1 of the Depths
 54047 | Depths:1 | XOM: swap monsters
 54243 | Depths:1 | XOM: stat loss: -1 Dex (18/19)
 54314 | Depths:1 | Found a gateway to Hell.
 54334 | Depths:1 | Identified the +0 pair of gloves of the Spider Nest
                  | {Rampage rElec Will+}
 54334 | Depths:1 | Noticed Nikola
 54341 | Depths:1 | XOM: enchant monster (bad)
 54351 | Depths:1 | Killed Nikola
 54719 | Depths:1 | XOM: smoke on damage
 54739 | Depths:1 | XOM: polymorph great orb of eyes -> fire dragon
 54778 | Depths:1 | XOM: divination: detect creatures
 54945 | Depths:1 | XOM: silly message
 54978 | Depths:1 | Identified Sif Muna's Incunabulum of Intoxication and
                  | Combat Magic
 55053 | Depths:1 | XOM: divination: detect creatures
 55133 | Depths:1 | Reached skill level 15 in Evocations
 55165 | Depths:1 | Found a corrupted altar of Lugonu.
 55166 | Depths:1 | Found a one-way gate to the infinite horrors of the Abyss.
 55227 | Depths:1 | Noticed a juggernaut
 55238 | Depths:1 | Killed a juggernaut
 55437 | Depths:2 | XOM: noise
 55446 | Depths:2 | XOM: enchant monster (good)
 55573 | Depths:2 | Found the +6 shillelagh "Devastator" {shatter}
 55742 | Depths:2 | XOM: summons 5 hostile demons
 55754 | Depths:2 | XOM: enchant monster (bad)
 55785 | Depths:2 | XOM: divination: magic mapping
 55789 | Depths:2 | XOM: enchant monster (good)
 55929 | Depths:2 | Found Ytsiz's Jewellery Boutique.
 55929 | Depths:2 | Found Miogir's Gadget Emporium.
 55930 | Depths:2 | Found Quul's Gadget Emporium.
 55960 | Depths:2 | XOM: god gift: hardcover book {god gift}
 56357 | Depths:2 | XOM: give mutation
 56357 | Depths:2 | Gained mutation: You have a somewhat thin skeletal
                  | structure. (Dex +2, Stealth) [Xom's grace]
 56479 | Depths:3 | Noticed the Enchantress
 56505 | Depths:2 | XOM: silly message
 56983 | Depths:3 | Found a one-way gate leading to the halls of Pandemonium.
 57002 | Depths:3 | XOM: potion effect (invisibility)
 57079 | Depths:3 | XOM: divination: detect creatures
 57135 | Depths:3 | Reached skill level 23 in Fighting
 57276 | Depths:3 | XOM: silly message
 57298 | Depths:3 | Noticed Mennas
 57300 | Depths:3 | XOM: silly message
 57307 | Depths:3 | XOM: cast spell 'Summon Small Mammal'
 57311 | Depths:3 | XOM: cast spell 'Olgreb's Toxic Radiance'
 57323 | Depths:3 | Killed Mennas
 57338 | Depths:3 | XOM: cast spell 'Olgreb's Toxic Radiance'
 57345 | Depths:3 | Killed the Enchantress
 57359 | Depths:3 | Reached XP level 23. HP: 150/226 MP: 22/22
 57567 | Depths:3 | Identified the cursed ring of Amorality {+Inv rC+++ Will-
                  | MP+9 Dex-4}
 57567 | Depths:3 | XOM: cast spell 'Alistair's Intoxication'
 57705 | Depths:3 | Found a transporter.
 57744 | Depths:3 | Found a viscous altar of Jiyva.
 57988 | Depths:3 | XOM: noise
 58668 | Orc:2    | Bought an uncursed ring of poison resistance for 200 gold
                  | pieces
 58978 | Depths:3 | Found a transporter.
 59153 | Depths:3 | XOM: stat loss: -1 Int (7/8)
 59676 | Depths:4 | Noticed a caustic shrike
 59688 | Depths:4 | Killed a caustic shrike
 59739 | Depths:4 | XOM: enchant monster (good)
 60274 | Depths:2 | Bought an uncursed ring of resist corrosion for 340 gold
                  | pieces
 60307 | Depths:3 | XOM: give mutations
 60307 | Depths:3 | Lost mutation: Scrolls take you longer to read. [Xom's
                  | mischief]
 60307 | Depths:3 | Lost mutation: Scrolls take you a little longer to read.
                  | [Xom's mischief]
 60307 | Depths:3 | Gained mutation: Your muscles are strong. (Str +2) [Xom's
                  | mischief]
 60307 | Depths:3 | Lost mutation: You are strong-willed. (Will+) [Xom's
                  | mischief]
 60309 | Depths:3 | XOM: silly message
 60502 | Depths:4 | Found a burning altar of Makhleb.
 60503 | Depths:4 | Found a burning altar of Makhleb.
 60504 | Depths:4 | Found the cursed +14 obsidian axe {vorpal, +Fly SInv
                  | *Curse}
 60504 | Depths:4 | XOM: chaos upgrade
 60507 | Depths:4 | XOM: polymorph soul eater -> blizzard demon
 60524 | Depths:4 | XOM: noise
 60529 | Depths:4 | XOM: potion effect (heal wounds)
 60640 | Depths:4 | Acquired 1260 gold pieces
 60816 | Depths:4 | XOM: give mutations
 60816 | Depths:4 | Gained mutation: You are clumsy. (Dex -2) [Xom's mischief]
 60816 | Depths:4 | Lost mutation: Your muscles are strong. (Str +2) [Xom's
                  | mischief]
 61117 | Depths:4 | XOM: summons 1 hostile demon
 61237 | Depths:4 | Got a coiled steel ring
 61238 | Depths:4 | Identified the ring of Ocethrug {AC+4 Str+2} (You found it
                  | on level 4 of the Depths)
 61246 | Depths:4 | Identified the Disquisition on Captivating Flames
 61371 | Depths:5 | Entered Level 5 of the Depths
 61375 | Depths:5 | XOM: god gift: staff of poison {god gift}
 61381 | Depths:5 | Noticed a caustic shrike
 61381 | Depths:5 | Noticed a caustic shrike
 61382 | Depths:5 | XOM: fog
 61386 | Depths:5 | Killed a caustic shrike
 61392 | Depths:5 | Killed a caustic shrike
 61557 | Depths:5 | Found an iron altar of Okawaru.
 61566 | Depths:5 | XOM: fog
 61567 | Depths:5 | Noticed a shard shrike
 61567 | Depths:5 | a titan changed into a shard shrike
 61567 | Depths:5 | XOM: polymorph titan -> shard shrike
 61569 | Depths:5 | XOM: summons 4 friendly demons
 61572 | Depths:5 | XOM: summons 1 friendly demon
 61577 | Depths:5 | Killed a shard shrike
 61578 | Depths:5 | Identified Doiciw's Incunabulum of the Blaze
 61592 | Depths:5 | XOM: 2-stop teleportation journey
 61593 | Depths:5 | Noticed Margery
 61601 | Depths:5 | Killed Margery
 61610 | Depths:5 | XOM: potion effect (heal wounds)
 61628 | Depths:5 | XOM: potion effect (heal wounds)
 61634 | Depths:5 | XOM: noise
 61640 | Depths:5 | XOM: divination: detect creatures
 61768 | Depths:5 | Found a gateway to a ziggurat.
 61892 | Depths:5 | XOM: noise
 61907 | Depths:5 | Found a gate to the Realm of Zot.
 61914 | Depths:5 | XOM: cast spell 'Cause Fear'
 61927 | Depths:5 | XOM: silly message
 62215 | Depths:4 | XOM: god gift: 15 gold pieces
 62431 | Depths:5 | Got a steaming brass ring
 62455 | Depths:5 | Reached skill level 24 in Fighting
 62495 | Depths:5 | XOM: 5-stop teleportation journey
 62566 | Depths:5 | XOM: noise
 62576 | Depths:5 | Reached XP level 24. HP: 238/238 MP: 22/22
 62578 | Depths:5 | XOM: cast spell 'Alistair's Intoxication'
 62652 | Depths:5 | XOM: silly message
 62719 | Depths:5 | XOM: divination: detect creatures
 62722 | Depths:5 | XOM: enchant monster (bad)
 62793 | Depths:5 | XOM: smoke on damage
 63011 | Depths:5 | XOM: noise
 63217 | Depths:5 | XOM: silly message
 63237 | Depths:5 | XOM: silly message
 63292 | Depths:5 | XOM: silly message
 63351 | Depths:5 | XOM: silly message
 63747 | Depths:3 | XOM: silly message
 63824 | D:15     | XOM: divination: magic mapping
 63906 | Vaults:1 | XOM: silly message
 64343 | Vaults:5 | Noticed Boris
 64347 | Vaults:5 | XOM: silly message
 64357 | Vaults:5 | Killed Boris
 64501 | Vaults:5 | XOM: silly message
 64519 | Vaults:5 | XOM: potion effect (invisibility)
 64532 | Vaults:4 | XOM: potion effect (haste)
 64617 | Vaults:4 | XOM: noise
 64785 | Vaults:5 | XOM: cast spell 'Olgreb's Toxic Radiance'
 64785 | Vaults:5 | Noticed an ancient lich
 64793 | Vaults:5 | XOM: divination: magic mapping
 64801 | Vaults:5 | Killed an ancient lich
 64802 | Vaults:5 | XOM: noise
 64807 | Vaults:5 | XOM: cast spell 'Summon Ice Beast'
 65163 | Vaults:4 | XOM: divination: detect items
 65217 | Vaults:4 | Reached skill level 25 in Fighting
 65316 | Vaults:4 | Reached XP level 25. HP: 199/249 MP: 19/22
 65550 | Vaults:5 | XOM: cast spell 'Death Channel'
 65893 | Vaults:5 | XOM: destruction
 65894 | Vaults:5 | Identified the +7 battleaxe of Uthirim {vorpal, Str+5}
 65905 | Vaults:5 | XOM: cleaving
 66070 | Vaults:4 | XOM: give mutations
 66070 | Vaults:4 | Gained mutation: Your skin changes colour to match your
                  | surroundings (Stealth+). [Xom's grace]
 66070 | Vaults:4 | Gained mutation: Your muscles are strong. (Str +2) [Xom's
                  | grace]
 66070 | Vaults:4 | Gained mutation: Your system is resistant to poisons.
                  | (rPois) [Xom's grace]
 66210 | Vaults:4 | XOM: give mutations
 66210 | Vaults:4 | Gained mutation: You are almost entirely resistant to
                  | further mutation and mutation removal. [Xom's grace]
 66210 | Vaults:4 | Gained mutation: You are partially covered in thin metallic
                  | scales. (AC +2) [Xom's grace]
 66210 | Vaults:4 | Gained mutation: You have sharp fingernails. [Xom's grace]
 66238 | Vaults:5 | XOM: divination: magic mapping
 66239 | Vaults:5 | XOM: draining
 66354 | Vaults:5 | XOM: 2-stop teleportation journey
 66361 | Vaults:5 | XOM: summons 3 hostile shadow creatures
 66482 | Vaults:5 | XOM: silly message
 66626 | Vaults:5 | Found Jaibyweh's Weapon Shoppe.
 66846 | Vaults:5 | Identified Nadar's Catalogue of Transmigration
 66934 | Vaults:5 | Got a silver rune of Zot
 67309 | Zot:1    | Entered Level 1 of the Realm of Zot
 67519 | Zot:1    | XOM: noise
 67533 | Zot:1    | XOM: summons 12 hostile demons
 67537 | Zot:1    | XOM: repel stairs
 67541 | Zot:1    | XOM: summons 2 hostile shadow creatures
 67543 | Zot:1    | XOM: polymorph storm dragon -> glowing shapeshifter
 67620 | Zot:1    | XOM: silly message
 67694 | Zot:1    | XOM: silly message
 67764 | Zot:1    | XOM: divination: magic mapping
 67771 | Zot:1    | XOM: swap monsters
 68057 | Zot:1    | You fall into a shaft and drop 1 floor!
 68098 | Zot:2    | Identified the ring of the Burgomaster {rPois rF- AC+4
                  | Str-3 Dex+8} (You found it on level 5 of the Depths)
 68215 | Zot:2    | XOM: noise
 68423 | Zot:2    | XOM: chaos upgrade
 68434 | Zot:2    | Found a transporter.
 68711 | Zot:2    | Noticed Hauh's ghost (master VSBe)
 68738 | Zot:2    | XOM: summons 13 hostile demons
 68799 | Zot:2    | Found a transporter.
 68807 | Zot:2    | XOM: 3-stop teleportation journey
 68910 | Zot:2    | Noticed a Killer Klown
 68940 | Zot:2    | XOM: polymorph red draconian monk -> fenstrider witch
 68946 | Zot:2    | Reached skill level 26 in Fighting
 69256 | Zot:2    | XOM: enchant monster (good)
 69292 | Zot:2    | XOM: 1-stop teleportation journey
 69513 | Zot:2    | XOM: potion effect (brilliance)
 69515 | Zot:2    | Reached XP level 26. HP: 261/261 MP: 22/22
 69609 | Zot:2    | XOM: silly message
 69768 | Zot:1    | XOM: silly message
 69962 | Zot:3    | XOM: silly message
 70098 | Zot:2    | XOM: silly message
 70110 | Zot:3    | XOM: polymorph yellow draconian monk -> catoblepas
 70204 | Zot:3    | You fall into a shaft and drop 1 floor!
 70214 | Zot:4    | XOM: confuse monster(s)
 70216 | Zot:4    | XOM: summons 3 friendly demons
 70481 | Zot:3    | XOM: polymorph quicksilver dragon -> shapeshifter
 70489 | Zot:3    | XOM: chaos cloud
 70492 | Zot:3    | Paralysed by you for 4 turns
 70494 | Zot:3    | XOM: polymorph storm dragon -> great orb of eyes
 70495 | Zot:3    | XOM: polymorph great orb of eyes -> shapeshifter
 70502 | Zot:3    | Paralysed by you for 4 turns
 71083 | Zot:3    | XOM: blink monster(s)
 71296 | Zot:4    | XOM: stat loss: -1 Str (28/29)
 71373 | Zot:4    | XOM: potion effect (heal wounds)
 71374 | Zot:3    | XOM: potion effect (might)
 71489 | Zot:4    | XOM: potion effect (brilliance)
 71490 | Zot:4    | XOM: silly message
 71596 | Zot:4    | XOM: repel stairs
 71838 | Zot:3    | Cast into level 5 of the Abyss (Xom)
 71838 | Abyss:5  | Entered Level 5 of the Abyss
 71875 | Abyss:5  | XOM: blink monster(s)
 72088 | Abyss:5  | XOM: give mutations
 72088 | Abyss:5  | Lost mutation: You are covered in fur. (AC +1) [Xom's
                  | mischief]
 72088 | Abyss:5  | Lost mutation: You are almost entirely resistant to further
                  | mutation and mutation removal. [Xom's mischief]
 72088 | Abyss:5  | Lost mutation: You are clumsy. (Dex -2) [Xom's mischief]
 72095 | Zot:3    | Escaped the Abyss
 72185 | Zot:3    | XOM: give mutations
 72185 | Zot:3    | Lost mutation: Your muscles are strong. (Str +2) [Xom's
                  | mischief]
 72471 | Zot:4    | XOM: 2-stop teleportation journey
 72695 | Zot:4    | XOM: summons 4 hostile demons
 73037 | Zot:4    | XOM: 3-stop teleportation journey
 73423 | Zot:4    | XOM: give mutations
 73423 | Zot:4    | Lost mutation: You possess an exceptional clarity of mind.
                  | [Xom's mischief]
 73423 | Zot:4    | Gained mutation: You are clumsy. (Dex -2) [Xom's mischief]
 73638 | Zot:4    | XOM: enchant monster (bad)
 73642 | Zot:4    | XOM: blink monster(s)
 73645 | Zot:4    | XOM: confusion (+ monsters)
 73913 | Zot:5    | Entered Level 5 of the Realm of Zot
 74403 | Depths:5 | XOM: summons 3 hostile demons
 74513 | Zot:5    | XOM: divination: detect items
 74554 | Zot:5    | XOM: divination: detect items
 74583 | Zot:5    | XOM: potion effect (haste)
 74588 | Zot:5    | Reached skill level 27 in Fighting
 74716 | Zot:5    | XOM: silly message
 74815 | Zot:4    | Reached XP level 27. HP: 256/273 MP: 22/22
 74990 | Zot:5    | XOM: confuse monster(s)
 74997 | Zot:5    | Noticed an orb of fire
 75016 | Zot:5    | Gained mutation: Your body sometimes deteriorates upon
                  | taking damage. [an orb of fire]
 75018 | Zot:5    | Killed an orb of fire
 75137 | Zot:5    | XOM: cast spell 'Leda's Liquefaction'
 75142 | Zot:5    | Noticed an orb of fire
 75151 | Zot:5    | XOM: divination: detect items
 75163 | Zot:5    | Killed an orb of fire
 75169 | Zot:5    | XOM: summons friendly crimson imp
 75181 | Zot:5    | XOM: divination: detect creatures
 75187 | Zot:5    | XOM: potion effect (might)
 75197 | Zot:5    | XOM: fog
 75215 | Zot:5    | XOM: summons 2 friendly demons
 75230 | Zot:5    | Noticed an ancient lich
 75235 | Zot:5    | Killed an ancient lich
 75238 | Zot:5    | XOM: silly message
 75241 | Zot:5    | XOM: confuse monster(s)
 75531 | Zot:5    | XOM: polymorph Killer Klown -> fenstrider witch
 75536 | Zot:5    | Noticed an orb of fire
 75549 | Zot:5    | Noticed an ancient lich
 75553 | Zot:5    | Killed an orb of fire
 75564 | Zot:5    | Killed an ancient lich
 75630 | Zot:5    | Noticed an ancient lich
 75644 | Zot:5    | XOM: confusion
 75651 | Zot:5    | XOM: noise
 75764 | Zot:5    | XOM: chaos upgrade
 75862 | Zot:4    | Killed an ancient lich
 75915 | Zot:5    | XOM: enchant monster (good)
 75923 | Zot:5    | XOM: scenery: create altars
 76023 | Zot:5    | XOM: cast spell 'Death Channel'
 76059 | Zot:5    | XOM: stat loss: -1 Dex (21/22)
 76080 | Zot:5    | XOM: cleaving
 76088 | Zot:5    | XOM: polymorph storm dragon -> meliai
 76195 | Zot:5    | Got the Orb of Zot
 76397 | Depths:4 | Noticed Boris
 76405 | Depths:4 | XOM: stat loss: -1 Int (10/11)
 76413 | Depths:4 | Killed Boris
 76419 | Depths:4 | XOM: polymorph Brimstone Fiend -> balrug
 76474 | Depths:3 | XOM: divination: detect items
 76501 | Depths:3 | XOM: summons 1 hostile demon
 76529 | Depths:3 | XOM: summons friendly crimson imp
 76590 | Depths:2 | XOM: noise
 76608 | Depths:1 | XOM: noise
 76860 | D:13     | XOM: give mutation
 76860 | D:13     | Lost mutation: You are somewhat resistant to both further
                  | mutation and mutation removal. [Xom's mischief]
 76903 | D:11     | XOM: summons 4 hostile demons
 77029 | D:6      | Killed Crazy Yiuf
 77108 | D:4      | XOM: summons 4 hostile demons
 77216 | D:$      | Escaped with the Orb!

Illustrated notes

Levels and vault maps discovered:
D:1:      amcnicky_arrival_single_pillar, layout_loops_cross
D:2:      layout_basic, nemelex_xobeh_ov_fountains_minmay
D:3:      layout_basic, grunt_gozag_breadcrumbs, grunt_decor_mini_mirrors
D:4:      layout_cave_pools, okawaru_metal_pillars_1_2, elyvilon_altar_1,
          nicolae_overflow_quartered_altars, temple_hall, hangedman_glass_teeth,
          uniq_natasha
D:5:      layout_loops_ring, serial_shops, shop, nicolae_shop_statue_plus
D:6:      layout_basic, uniq_crazy_yiuf_cottage
D:7:      layout_gridville, amcnicky_mini_rare_corridor_liquid
D:8:      layout_gridville, st_stairs_7
D:9:      layout_rooms, nicolae_ashenzari_panopticon,
          grunt_lair_entry_orc_guard_hut, serial_shops, nicolae_shop_stone,
          uniq_harold
D:10:     layout_small_grid, serial_shops, nicolae_shop_waterfront
D:11:     layout_irregular_city, enter_bailey_3, minmay_increasing_density
D:12:     layout_stronghold
D:13:     minmay_quarter_circles, layout_small_grid, david_vaults_1,
          nicolae_trove_entry_path_of_doom
D:14:     layout_cave_pools, kennysheep_crisscross, minmay_crystal_room,
          corexii_corridor_pit, uniq_josephine
D:15:     grunt_enter_depths_magical_seal, layout_basic, columned_hall_lemuel
Lair:1:   layout_hall_layers, portal_ice_cave_entry_pillars_1,
          grunt_forest_small_clearing_treed, grunt_megastairs_5
Lair:2:   minmay_guarded_unrand_snakebite, layout_cave_pods,
          minmay_shoals_entry_hut
Lair:3:   layout_misc_corridors, spider_nest_entry_web_field,
          kennysheep_abandoned_house
Lair:4:   layout_misc_corridors, basic_altar, roderic_carrion_pond,
          minmay_lair_oklob_chamber, grunt_megastairs_4
Lair:5:   layout_hall_layers
Lair:6:   hangedman_lair_caniforms_friends, layout_gridlike, wormcave,
          nicolae_slime_entry_slimehenge, ebering_ghost_reflecting_pool,
          minmay_stone_trees_small, nicolae_quartered_pool_medium,
          lemuel_fruit_tree
Shoals:1: layout_shoals, lemuel_oklob_altar
Shoals:2: layout_shoals, serial_shops, nicolae_shop_statue_plus, uniq_frances
Shoals:3: layout_shoals, regret_index_shoals_crete
Shoals:4: shoals_end_grunt_ice, layout_shoals
Spider:1: layout_spider_delve, gammafunk_ghost_split
Spider:2: layout_spider_delve, spiders_nest_hornet_nest,
          nicolae_spider_cling_halls, uniq_arachne
Spider:3: layout_spider_delve
Spider:4: johnstein_spider_rune_arachne_lair
Orc:1:    layout_diamond_mine, elf_legates
Orc:2:    st_orc_congregation, layout_caves
Vaults:1: vaults_room_octagon, v_misc_11, nicolae_vaults_little_ls,
          nicolae_vaults_network_s, v_misc_26, nicolae_vaults_three_branches,
          vaults_dpeg_encased_lava, ontoclasm_vaults_twist,
          nicolae_vaults_ring_of_whatevers, dpeg_vaults_monster_row,
          nicolae_vaults_mini_display_case, layout_vaults_big_cross,
          serial_shops, shop, uniq_saint_roka
Vaults:2: ontoclasm_vaults_fault, v_misc_26, nicolae_vaults_back_hallway,
          v_misc_24, vaults_room_corners, v_alt_pattern_4,
          nicolae_vaults_little_squares_2, grunt_vaults_twisty,
          grunt_vaults_hallway_short, ontoclasm_vaults_loading_screen,
          layout_vaults_big_room, serial_shops, nicolae_shop_trees, uniq_sojobo
Vaults:3: nicolae_vaults_yaktaur_gun_rack, nicolae_vaults_ninety_degrees,
          minmay_crypt_entry_simple_statues, nicolae_vaults_theta,
          nicolae_vaults_circle_grid_b, hangedman_vaults_stitches, v_rooms_5,
          nicolae_vaults_diagonal_hallway_7, nicolae_vaults_rhombus_6,
          v_misc_10, vaults_dpeg_ring, layout_vaults_ring, uniq_boris,
          uniq_aizul
Vaults:4: hangedman_vaults_stagger, nicolae_vaults_what_the_h,
          nicolae_vaults_diagonal_hallway_8, vaults_standard_mumra_x, v_misc_9,
          vaults_mumra_hex, hangedman_vaults_trim, st_lattice,
          layout_vaults_quadrants, serial_shops, nicolae_shop_crystal,
          uniq_bai_suzhen
Vaults:5
Crypt:1:  layout_catacombs, grunt_ministairs_2
Crypt:2:  minmay_guarded_unrand_majin_bo, layout_rooms
Crypt:3:  church_of_pain_bobbens, layout_chaotic_city, tomb_entry_simple_bobbens
Depths:1: minmay_the_grid_triangle_9x9_recursive_2_mashed
          [minmay_the_grid_triangle_9x9_prize_top_heavy,
          minmay_the_grid_triangle_9x9_intruding_spiral,
          minmay_the_grid_triangle_9x9_negative_grid,
          minmay_the_grid_triangle_9x9_from_above], layout_long_grid,
          minmay_strange_pillars, abyss_entry_flame_altar, pf_coc_iceberg,
          kennysheep_dice, uniq_nikola
Depths:2: minmay_roctagon, layout_gridlike, grunt_hell_entry_dis_grunt,
          minmay_room_of_horrors, wad_floor_pattern_1, minmay_shop_grove
Depths:3: gammafunk_jiyva_shrine, layout_gridlike, hell_entry, pan_entry,
          grunt_megastairs_1, serial_bayou_shore_a, minmay_staircase_bubble,
          uniq_mennas, uniq_enchantress
Depths:4: vault_1, layout_gridlike, abyss_entry_glasseish, hell_entry,
          grunt_guarded_unrand_obsidian_axe, infiniplex_staircase_pool_2,
          serial_bayou_shore_b
Depths:5: lemuel_castle_with_subvaults [lemuel_castle_interior_carwin_2],
          layout_cave_pools, enter_ziggurat_b, hell_entry,
          argonaut_fire_from_heaven, uniq_margery
Zot:1:    layout_onion_interference, grunt_megastairs_2
Zot:2:    layout_concentric_octagons, gammafunk_ghost_abyssal_escape
Zot:3:    layout_basic
Zot:4:    layout_gridlike, bh_zot_ikea_curve
Zot:5:    layout_gridville, guppyfry_library_mini

Skill      XL: |  1  2  3  4  5  6  7  8  9 10 11 12 13 14 15 16 17 18 19 20 21 22 23 24 25 26 27 |
---------------+----------------------------------------------------------------------------------+-----
Axes           | 4 5 7 8 9 10 11 14 17 19 20 21 22 23 24 26 | 26.6
Fighting       | 6 7 8 13 15 16 18 19 20 21 22 23 24 25 26 27 | 27.0
Armour         | 3 5 6 8 9 11 12 14 15 16 17 18 19 20 21 22 | 22.0
Shields        | 2 5 8 10 11 13 15 16 17 18 19 20 21 23 | 23.8
Evocations     | 4 5 7 8 10 12 13 14 15 16 17 18 19 20 | 20.0
Dodging        | 5 7 9 11 14 15 16 17 18 | 18.0

Action                   |  1- 3 |  4- 6 |  7- 9 | 10-12 | 13-15 | 16-18 | 19-21 | 22-24 | 25-27 || total
-------------------------+-------+-------+-------+-------+-------+-------+-------+-------+-------++-------
Melee: Hand axe          |    56 |   190 |   225 |   332 |    78 |       |       |       |       ||   881
       Headbutt          |     7 |    23 |    44 |   118 |   279 |   330 |   505 |   400 |   513 ||  2219
       Battleaxe         |       |       |    84 |   156 |       |       |       |       |       ||   240
       Broad axe         |       |       |       |       |  1306 |  1148 |  1562 |  1237 |  1527 ||  6780
       Kick              |       |       |       |       |       |     3 |       |       |       ||     3
 Fire: Hunting sling     |    36 |       |       |       |       |       |       |       |       ||    36
Evoke: Wand              |       |       |       |     1 |    22 |    10 |     1 |     7 |     2 ||    43
       Tin of tremorston |       |       |       |       |     5 |     5 |     2 |     6 |     4 ||    22
       Phial of floods   |       |       |       |       |     3 |     2 |       |       |       ||     5
       Condenser vane    |       |       |       |       |       |     2 |     1 |     5 |     4 ||    12
       Phantom mirror    |       |       |       |       |       |       |       |     2 |     1 ||     3
  Use: Scroll            |       |     9 |     2 |    11 |    18 |    13 |     8 |    20 |     7 ||    88
       Potion            |       |       |     1 |     8 |     6 |     5 |     5 |    10 |     5 ||    40
 Stab: Paralysed         |       |     5 |     1 |     4 |       |     3 |       |       |       ||    13
       Sleeping          |       |       |     2 |     1 |       |       |     1 |       |       ||     4
       Confused          |       |       |       |     7 |     3 |    14 |     5 |     6 |    14 ||    49
       Petrifying        |       |       |       |       |     1 |     2 |       |       |       ||     3
       Distracted        |       |       |       |       |     2 |       |     3 |     2 |     3 ||    10
       Held in net/web   |       |       |       |       |       |     1 |       |       |       ||     1
       Petrified         |       |       |       |       |       |       |     4 |     2 |       ||     6
       Fleeing           |       |       |       |       |       |       |       |     1 |       ||     1
       Invisible         |       |       |       |       |       |       |       |     2 |       ||     2
Armor: Leather armour    |     9 |       |       |       |       |       |       |       |       ||     9
       Chain mail        |    22 |    49 |       |       |       |       |       |       |       ||    71
       Plate armour      |       |   133 |   190 |   264 |   462 |   489 |   339 |   182 |       ||  2059
       Fire dragon scale |       |       |       |       |   142 |       |       |       |       ||   142
       Skin              |       |       |       |       |       |     2 |       |       |       ||     2
       Crystal plate arm |       |       |       |       |       |       |       |   332 |   457 ||   789
Dodge: Dodged            |    30 |    59 |    79 |   102 |   346 |   514 |   450 |   583 |   387 ||  2550
Block: Buckler           |       |       |     3 |       |    58 |   844 |   779 |   355 |       ||  2039
       Kite shield       |       |       |       |    88 |   640 |       |       |       |       ||   728
       Reflection        |       |       |       |       |    23 |    69 |    45 |    93 |    60 ||   290
       Other             |       |       |       |       |     1 |     5 |       |       |       ||     6
       Tower shield      |       |       |       |       |       |       |       |  1056 |  1375 ||  2431
